Workbook
Name \0: #REF!
Name \0: #REF!
Name \0: #REF!
Name \00: #REF!
Name \00: #REF!
Name \00: #REF!
Name \a: #REF!
Name \a: #REF!
Name \a: #REF!
Name \AA: #REF!
Name \AA: #REF!
Name \AA: #REF!
Name \b: #REF!
Name \b: #REF!
Name \b: #REF!
Name \bb: #REF!
Name \bb: #REF!
Name \bb: #REF!
Name \E: #REF!
Name \E: #REF!
Name \E: #REF!
Name \EE: #REF!
Name \EE: #REF!
Name \EE: #REF!
Name \G: #REF!
Name \G: #REF!
Name \G: #REF!
Name \k: #REF!
Name \k: #REF!
Name \k: #REF!
Name \l: #REF!
Name \l: #REF!
Name \l: #REF!
Name \M: #REF!
Name \M: #REF!
Name \M: #REF!
Name \ñ: #REF!
Name \ñ: #REF!
Name \ñ: #REF!
Name \P: #REF!
Name \P: #REF!
Name \P: #REF!
Name \R: #REF!
Name \R: #REF!
Name \R: #REF!
Name \s: #REF!
Name \s: #REF!
Name \s: #REF!
Name \V: #REF!
Name \V: #REF!
Name \V: #REF!
Name \X: AIU!ERR
Name \X: 'Oferta Económica'!ERR
Name \X: [0]!ERR
Name \Z: AIU!ERR
Name \Z: 'Oferta Económica'!ERR
Name \Z: [0]!ERR
Name _________________________________________________i1: #REF!
Name ________________________________________________i1: #REF!
Name _______________________________________________i1: #REF!

Sheet PRESUPUESTO Entidad
B1: ,
C3: Formulario 1 - Propuesta económica - Documento tipo de licitación de obra pública de infraestructura social - versión 4
C4: Código | D4: CCE-EICP-FM-14 | E4: Versión
C5: FORMULARIO 1
C6: PRESUPUESTO OFICIAL
C7: [La entidad puede utilizar este formulario de detalle del presupuesto oficial para determinar las condiciones bajo las cuales los proponentes analizarán y presentarán su propuesta económica de forma detallada, sin perjuicio que la entidad pueda modificarlo o establecer la presentación de la oferta económica con un formulario distinto al indicado.]
C9: Adicionalmente, cuando el proceso de contratación es estructurado por precios unitarios, la Entidad debe aplicar las notas 1, 2 y 3 del presente formulario y las casillas de "Descripción", "Porcentaje" de la Administración, Imprevisto, Utilidad y total A.I.U. resaltadas en color amarillo. Tratándose de otras modalidades de precio, la Entidad puede o no configurar los mismos aspectos.
C11: Nº | D11: CÓDIGO IDRD | E11: ÍTEM | F11: DESCRIPCIÓN | G11: UND. | H11: CANTIDAD | I11: VALOR UNITARIO (SIN A.I.U) | J11: VALOR UNITARIO ( INCLUIDO A.I.U) | K11: VALOR TOTAL (SIN A.I.U) | L11: VALOR TOTAL (INCLUIDO AIU)
C13: 1. PREELIMINARES
C14: 1.1 | D14: 11646 | F14: =UPPER(VLOOKUP(D14,'Precios IDRD'!$B$3:$F$10839,2,FALSE)) -> CERRAMIENTO LONA H=2.20 MTS(EXC) ** | G14: =VLOOKUP(D14,'Precios IDRD'!$B$3:$F$10839,3,FALSE) -> ML | H14: 100 | I14: =VLOOKUP(D14,'Precios IDRD'!$B$3:$F$10839,5,FALSE) -> 33732.57 | J14: =+ROUND(I14*(1+$L$72),2) -> 45876.3 | K14: =+I14*H14 -> 3373257 | L14: =ROUND(H14*J14,0) -> 4587630
C15: 1.2 | D15: 12837 | F15: =UPPER(VLOOKUP(D15,'Precios IDRD'!$B$3:$F$10839,2,FALSE)) -> DESMONTE SEÑAL (IDG-S) | G15: =VLOOKUP(D15,'Precios IDRD'!$B$3:$F$10839,3,FALSE) -> UN | H15: 20 | I15: =VLOOKUP(D15,'Precios IDRD'!$B$3:$F$10839,5,FALSE) -> 66299.93 | J15: =+ROUND(I15*(1+$L$72),2) -> 90167.9 | K15: =+I15*H15 -> 1325998.6 | L15: =ROUND(H15*J15,0) -> 1803358
C16: 1.3 | D16: 14439 | F16: =UPPER(VLOOKUP(D16,'Precios IDRD'!$B$3:$F$10839,2,FALSE)) -> DESMONTE PISO DE CAUCHO(TRASIEGO+RETIRO) | G16: =VLOOKUP(D16,'Precios IDRD'!$B$3:$F$10839,3,FALSE) -> M2 | H16: 400 | I16: =VLOOKUP(D16,'Precios IDRD'!$B$3:$F$10839,5,FALSE) -> 10875.56 | J16: =+ROUND(I16*(1+$L$72),2) -> 14790.76 | K16: =+I16*H16 -> 4350224 | L16: =ROUND(H16*J16,0) -> 5916304
C17: 2. VARIOS (ACTIVIDADES INCLUYEN EL SUMINISTRO E INSTALACIÓN)
C18: 2.1 | D18: 14651 | F18: =UPPER(VLOOKUP(D18,'Precios IDRD'!$B$3:$F$10839,2,FALSE)) -> CANECAS ACERO INOXIDABLE (SUM + INST) | G18: =VLOOKUP(D18,'Precios IDRD'!$B$3:$F$10839,3,FALSE) -> UN | H18: 15 | I18: =VLOOKUP(D18,'Precios IDRD'!$B$3:$F$10839,5,FALSE) -> 649442.69 | J18: =+ROUND(I18*(1+$L$72),2) -> 883242.06 | K18: =+I18*H18 -> 9741640.3 | L18: =ROUND(H18*J18,0) -> 13248631
C19: 2.2 | D19: 14642 | F19: =UPPER(VLOOKUP(D19,'Precios IDRD'!$B$3:$F$10839,2,FALSE)) -> BARANDA CERRAMIENTOS M-83 (SUM + INST) | G19: =VLOOKUP(D19,'Precios IDRD'!$B$3:$F$10839,3,FALSE) -> ML | H19: 60 | I19: =VLOOKUP(D19,'Precios IDRD'!$B$3:$F$10839,5,FALSE) -> 677202.13 | J19: =+ROUND(I19*(1+$L$72),2) -> 920994.9 | K19: =+I19*H19 -> 40632128 | L19: =ROUND(H19*J19,0) -> 55259694
C20: 2.3 | D20: 14625 | F20: =UPPER(VLOOKUP(D20,'Precios IDRD'!$B$3:$F$10839,2,FALSE)) -> BARANDAS CERRAMIENTO M - 80 (SUM + INST) | G20: =VLOOKUP(D20,'Precios IDRD'!$B$3:$F$10839,3,FALSE) -> ML | H20: 40 | I20: =VLOOKUP(D20,'Precios IDRD'!$B$3:$F$10839,5,FALSE) -> 588596.96 | J20: =+ROUND(I20*(1+$L$72),2) -> 800491.87 | K20: =+I20*H20 -> 23543878 | L20: =ROUND(H20*J20,0) -> 32019675
C21: 2.4 | D21: 14824 | F21: =UPPER(VLOOKUP(D21,'Precios IDRD'!$B$3:$F$10839,2,FALSE)) -> BANCA M-31(DESM+SUM+INST) | G21: =VLOOKUP(D21,'Precios IDRD'!$B$3:$F$10839,3,FALSE) -> UN | H21: 10 | I21: =VLOOKUP(D21,'Precios IDRD'!$B$3:$F$10839,5,FALSE) -> 746339.64 | J21: =+ROUND(I21*(1+$L$72),2) -> 1015021.9 | K21: =+I21*H21 -> 7463396.4 | L21: =ROUND(H21*J21,0) -> 10150219
C22: 2.5 | D22: 10434 | F22: =UPPER(VLOOKUP(D22,'Precios IDRD'!$B$3:$F$10839,2,FALSE)) -> ADOQUIN ARCILLA E= 6 CM SOBRE ARENA (SUM E INST)** | G22: =VLOOKUP(D22,'Precios IDRD'!$B$3:$F$10839,3,FALSE) -> M2 | H22: 500 | I22: =VLOOKUP(D22,'Precios IDRD'!$B$3:$F$10839,5,FALSE) -> 99839.43 | J22: =+ROUND(I22*(1+$L$72),2) -> 135781.62 | K22: =+I22*H22 -> 49919715 | L22: =ROUND(H22*J22,0) -> 67890810
C23: 2.6 | D23: 16676 | F23: =UPPER(VLOOKUP(D23,'Precios IDRD'!$B$3:$F$10839,2,FALSE)) -> PISO CAUCHO RECICL 4CM (EPDM 1CM+SBR 3CM SUM+INST | G23: =VLOOKUP(D23,'Precios IDRD'!$B$3:$F$10839,3,FALSE) -> M2 | H23: 130 | I23: =VLOOKUP(D23,'Precios IDRD'!$B$3:$F$10839,5,FALSE) -> 362355 | J23: =+ROUND(I23*(1+$L$72),2) -> 492802.8 | K23: =+I23*H23 -> 47106150 | L23: =ROUND(H23*J23,0) -> 64064364
C24: 2.7 | D24: 16677 | F24: =UPPER(VLOOKUP(D24,'Precios IDRD'!$B$3:$F$10839,2,FALSE)) -> PISO CAUCHO RECICL 5CM (EPDM 1CM+SBR 4CM SUM+INST) | G24: =VLOOKUP(D24,'Precios IDRD'!$B$3:$F$10839,3,FALSE) -> M2 | H24: 100 | I24: =VLOOKUP(D24,'Precios IDRD'!$B$3:$F$10839,5,FALSE) -> 403410 | J24: =+ROUND(I24*(1+$L$72),2) -> 548637.6 | K24: =+I24*H24 -> 40341000 | L24: =ROUND(H24*J24,0) -> 54863760
C25: 2.8 | D25: 16669 | F25: =UPPER(VLOOKUP(D25,'Precios IDRD'!$B$3:$F$10839,2,FALSE)) -> PISO CAUCHO RECICL 8CM (EPDM 1CM+SBR 7CM SUM+INST) | G25: =VLOOKUP(D25,'Precios IDRD'!$B$3:$F$10839,3,FALSE) -> M2 | H25: 100 | I25: =VLOOKUP(D25,'Precios IDRD'!$B$3:$F$10839,5,FALSE) -> 601811.56 | J25: =+ROUND(I25*(1+$L$72),2) -> 818463.72 | K25: =+I25*H25 -> 60181156 | L25: =ROUND(H25*J25,0) -> 81846372
C26: 2.9 | D26: 11126 | F26: =UPPER(VLOOKUP(D26,'Precios IDRD'!$B$3:$F$10839,2,FALSE)) -> BANCA PREFAB M-30 CON ESPALD SUMIN+INSTALA Z.V** | G26: =VLOOKUP(D26,'Precios IDRD'!$B$3:$F$10839,3,FALSE) -> UN | H26: 12 | I26: =VLOOKUP(D26,'Precios IDRD'!$B$3:$F$10839,5,FALSE) -> 989233.45 | J26: =+ROUND(I26*(1+$L$72),2) -> 1345357.5 | K26: =+I26*H26 -> 11870801 | L26: =ROUND(H26*J26,0) -> 16144290
C27: 3. PINTURAS Y DEMARCACIONES
C28: 3.1 | D28: 12198 | F28: =UPPER(VLOOKUP(D28,'Precios IDRD'!$B$3:$F$10839,2,FALSE)) -> PINTURA BARANDA M-80 (2 MANOS) | G28: =VLOOKUP(D28,'Precios IDRD'!$B$3:$F$10839,3,FALSE) -> ML | H28: 580 | I28: =VLOOKUP(D28,'Precios IDRD'!$B$3:$F$10839,5,FALSE) -> 29537.42 | J28: =+ROUND(I28*(1+$L$72),2) -> 40170.89 | K28: =+I28*H28 -> 17131704 | L28: =ROUND(H28*J28,0) -> 23299116
C29: 3.2 | D29: 13923 | F29: =UPPER(VLOOKUP(D29,'Precios IDRD'!$B$3:$F$10839,2,FALSE)) -> PINTURA MODULO M-3A | G29: =VLOOKUP(D29,'Precios IDRD'!$B$3:$F$10839,3,FALSE) -> UN | H29: 7 | I29: =VLOOKUP(D29,'Precios IDRD'!$B$3:$F$10839,5,FALSE) -> 875215.93 | J29: =+ROUND(I29*(1+$L$72),2) -> 1190293.7 | K29: =+I29*H29 -> 6126511.5 | L29: =ROUND(H29*J29,0) -> 8332056
C30: 3.3 | D30: 13014 | F30: =UPPER(VLOOKUP(D30,'Precios IDRD'!$B$3:$F$10839,2,FALSE)) -> PINTURA MODULO M-5 COLUMPIO ** | G30: =VLOOKUP(D30,'Precios IDRD'!$B$3:$F$10839,3,FALSE) -> UN | H30: 9 | I30: =VLOOKUP(D30,'Precios IDRD'!$B$3:$F$10839,5,FALSE) -> 728480 | J30: =+ROUND(I30*(1+$L$72),2) -> 990732.8 | K30: =+I30*H30 -> 6556320 | L30: =ROUND(H30*J30,0) -> 8916595
C31: 3.4 | D31: 15788 | F31: =UPPER(VLOOKUP(D31,'Precios IDRD'!$B$3:$F$10839,2,FALSE)) -> PINTURA MODULO- M-3(RETIR.PINT+ANTICORROSIVO+PINT) | G31: =VLOOKUP(D31,'Precios IDRD'!$B$3:$F$10839,3,FALSE) -> UN | H31: 9 | I31: =VLOOKUP(D31,'Precios IDRD'!$B$3:$F$10839,5,FALSE) -> 1357562.1 | J31: =+ROUND(I31*(1+$L$72),2) -> 1846284.4 | K31: =+I31*H31 -> 12218059 | L31: =ROUND(H31*J31,0) -> 16616560
C32: 3.5 | D32: 10855 | F32: =UPPER(VLOOKUP(D32,'Precios IDRD'!$B$3:$F$10839,2,FALSE)) -> PINTURA ESTRUCTURA MICROFUTBOL (CON BROCHA) ** | G32: =VLOOKUP(D32,'Precios IDRD'!$B$3:$F$10839,3,FALSE) -> JGO | H32: 9 | I32: =VLOOKUP(D32,'Precios IDRD'!$B$3:$F$10839,5,FALSE) -> 412130.97 | J32: =+ROUND(I32*(1+$L$72),2) -> 560498.12 | K32: =+I32*H32 -> 3709178.7 | L32: =ROUND(H32*J32,0) -> 5044483
C33: 3.6 | D33: 10851 | F33: =UPPER(VLOOKUP(D33,'Precios IDRD'!$B$3:$F$10839,2,FALSE)) -> PINTURA ESTRUCTURA BALONCESTO ** | G33: =VLOOKUP(D33,'Precios IDRD'!$B$3:$F$10839,3,FALSE) -> JGO | H33: 9 | I33: =VLOOKUP(D33,'Precios IDRD'!$B$3:$F$10839,5,FALSE) -> 967876.94 | J33: =+ROUND(I33*(1+$L$72),2) -> 1316312.6 | K33: =+I33*H33 -> 8710892.5 | L33: =ROUND(H33*J33,0) -> 11846814
C34: 3.7 | D34: 13695 | F34: =UPPER(VLOOKUP(D34,'Precios IDRD'!$B$3:$F$10839,2,FALSE)) -> PINTURA DE CANECA M-120 | G34: =VLOOKUP(D34,'Precios IDRD'!$B$3:$F$10839,3,FALSE) -> UN | H34: 16 | I34: =VLOOKUP(D34,'Precios IDRD'!$B$3:$F$10839,5,FALSE) -> 112689.3 | J34: =+ROUND(I34*(1+$L$72),2) -> 153257.45 | K34: =+I34*H34 -> 1803028.8 | L34: =ROUND(H34*J34,0) -> 2452119
C35: 3.8 | D35: 10957 | F35: =UPPER(VLOOKUP(D35,'Precios IDRD'!$B$3:$F$10839,2,FALSE)) -> LIMPEZA ESTRUCT.METALICA- PINTURA ESMALTE+ANTICORR | G35: =VLOOKUP(D35,'Precios IDRD'!$B$3:$F$10839,3,FALSE) -> ML | H35: 600 | I35: =VLOOKUP(D35,'Precios IDRD'!$B$3:$F$10839,5,FALSE) -> 20246.25 | J35: =+ROUND(I35*(1+$L$72),2) -> 27534.9 | K35: =+I35*H35 -> 12147750 | L35: =ROUND(H35*J35,0) -> 16520940
C36: 3.9 | D36: 12801 | F36: =UPPER(VLOOKUP(D36,'Precios IDRD'!$B$3:$F$10839,2,FALSE)) -> PINTURA EXTERIOR GRIS BASALTO (3 MANOS) | G36: =VLOOKUP(D36,'Precios IDRD'!$B$3:$F$10839,3,FALSE) -> M2 | H36: 60 | I36: =VLOOKUP(D36,'Precios IDRD'!$B$3:$F$10839,5,FALSE) -> 42654.15 | J36: =+ROUND(I36*(1+$L$72),2) -> 58009.64 | K36: =+I36*H36 -> 2559249 | L36: =ROUND(H36*J36,0) -> 3480578
C37: 3.10 | D37: 10253 | F37: =UPPER(VLOOKUP(D37,'Precios IDRD'!$B$3:$F$10839,2,FALSE)) -> DEMARCACION PINTURA TRAFICO MICROFUTBOL A=0.1 ** | G37: =VLOOKUP(D37,'Precios IDRD'!$B$3:$F$10839,3,FALSE) -> M2 | H37: 1500 | I37: =VLOOKUP(D37,'Precios IDRD'!$B$3:$F$10839,5,FALSE) -> 4304.81 | J37: =+ROUND(I37*(1+$L$72),2) -> 5854.54 | K37: =+I37*H37 -> 6457215 | L37: =ROUND(H37*J37,0) -> 8781810
C38: 3.11 | D38: 10254 | F38: =UPPER(VLOOKUP(D38,'Precios IDRD'!$B$3:$F$10839,2,FALSE)) -> DEMARCACION PINTURA TRAFICO BALONCESTO A=0.1 ** | G38: =VLOOKUP(D38,'Precios IDRD'!$B$3:$F$10839,3,FALSE) -> M2 | H38: 1500 | I38: =VLOOKUP(D38,'Precios IDRD'!$B$3:$F$10839,5,FALSE) -> 6545.18 | J38: =+ROUND(I38*(1+$L$72),2) -> 8901.44 | K38: =+I38*H38 -> 9817770 | L38: =ROUND(H38*J38,0) -> 13352160
C39: 4. CARPINTERÍA METALICA
C40: 4.1 | D40: 13689 | F40: =UPPER(VLOOKUP(D40,'Precios IDRD'!$B$3:$F$10839,2,FALSE)) -> PUNTO DE SOLDADURA 6013 | G40: =VLOOKUP(D40,'Precios IDRD'!$B$3:$F$10839,3,FALSE) -> UN | H40: 866.68587 | I40: =VLOOKUP(D40,'Precios IDRD'!$B$3:$F$10839,5,FALSE) -> 10699.83 | J40: =+ROUND(I40*(1+$L$72),2) -> 14551.77 | K40: =+I40*H40 -> 9273391.4 | L40: =ROUND(H40*J40,0) -> 12611813
C41: 4.2 | D41: 13659 | F41: =UPPER(VLOOKUP(D41,'Precios IDRD'!$B$3:$F$10839,2,FALSE)) -> CORDON DE SOLDADURA 6013 (L=25 CM) | G41: =VLOOKUP(D41,'Precios IDRD'!$B$3:$F$10839,3,FALSE) -> UN | H41: 50 | I41: =VLOOKUP(D41,'Precios IDRD'!$B$3:$F$10839,5,FALSE) -> 90037.01 | J41: =+ROUND(I41*(1+$L$72),2) -> 122450.33 | K41: =+I41*H41 -> 4501850.5 | L41: =ROUND(H41*J41,0) -> 6122517
C42: 4.3 | D42: 10087 | F42: =UPPER(VLOOKUP(D42,'Precios IDRD'!$B$3:$F$10839,2,FALSE)) -> CERRAMIENTO CONTRA IMPACTO IDRD H= 5 ** | G42: =VLOOKUP(D42,'Precios IDRD'!$B$3:$F$10839,3,FALSE) -> ML | H42: 81.940015 | I42: =VLOOKUP(D42,'Precios IDRD'!$B$3:$F$10839,5,FALSE) -> 1937651.4 | J42: =+ROUND(I42*(1+$L$72),2) -> 2635205.9 | K42: =+I42*H42 -> 1.5877118e+08 | L42: =ROUND(H42*J42,0) -> 215928807
C43: 4.4 | D43: 13706 | F43: =UPPER(VLOOKUP(D43,'Precios IDRD'!$B$3:$F$10839,2,FALSE)) -> MALLA ESLAB CAL.10+ANGULO11/2"X1/8"+PLAT(SUM+INS) | G43: =VLOOKUP(D43,'Precios IDRD'!$B$3:$F$10839,3,FALSE) -> M2 | H43: 50 | I43: =VLOOKUP(D43,'Precios IDRD'!$B$3:$F$10839,5,FALSE) -> 120476.92 | J43: =+ROUND(I43*(1+$L$72),2) -> 163848.61 | K43: =+I43*H43 -> 6023846 | L43: =ROUND(H43*J43,0) -> 8192431
C44: 5. ASFALTOS - ADOQUINES - ZONAS VERDES
C45: 5.1 | D45: 10623 | F45: =UPPER(VLOOKUP(D45,'Precios IDRD'!$B$3:$F$10839,2,FALSE)) -> CORTE DILATACIONES EN ASFALTO ** | G45: =VLOOKUP(D45,'Precios IDRD'!$B$3:$F$10839,3,FALSE) -> ML | H45: 20 | I45: =VLOOKUP(D45,'Precios IDRD'!$B$3:$F$10839,5,FALSE) -> 5598.11 | J45: =+ROUND(I45*(1+$L$72),2) -> 7613.43 | K45: =+I45*H45 -> 111962.2 | L45: =ROUND(H45*J45,0) -> 152269
C46: 5.2 | D46: 12492 | F46: =UPPER(VLOOKUP(D46,'Precios IDRD'!$B$3:$F$10839,2,FALSE)) -> IMPRIMACION ASFALTICA EN FRIO (EQUIP.DE BOMBA)** | G46: =VLOOKUP(D46,'Precios IDRD'!$B$3:$F$10839,3,FALSE) -> M2 | H46: 300 | I46: =VLOOKUP(D46,'Precios IDRD'!$B$3:$F$10839,5,FALSE) -> 13404.95 | J46: =+ROUND(I46*(1+$L$72),2) -> 18230.73 | K46: =+I46*H46 -> 4021485 | L46: =ROUND(H46*J46,0) -> 5469219
C47: 5.3 | D47: 12017 | F47: =UPPER(VLOOKUP(D47,'Precios IDRD'!$B$3:$F$10839,2,FALSE)) -> CANCHAASFALTO E=0.05 R-IDRD 4.3-A BLANDOGEOTEXTIL | G47: =VLOOKUP(D47,'Precios IDRD'!$B$3:$F$10839,3,FALSE) -> M2 | H47: 300 | I47: =VLOOKUP(D47,'Precios IDRD'!$B$3:$F$10839,5,FALSE) -> 267102.09 | J47: =+ROUND(I47*(1+$L$72),2) -> 363258.84 | K47: =+I47*H47 -> 80130627 | L47: =ROUND(H47*J47,0) -> 108977652
C48: 5.4 | D48: 12005 | F48: =UPPER(VLOOKUP(D48,'Precios IDRD'!$B$3:$F$10839,2,FALSE)) -> ADOQUÍNARCILL E=0.06 P>10% 4.2-1BLANDO+GEOTEXTIL | G48: =VLOOKUP(D48,'Precios IDRD'!$B$3:$F$10839,3,FALSE) -> M2 | H48: 40 | I48: =VLOOKUP(D48,'Precios IDRD'!$B$3:$F$10839,5,FALSE) -> 270433.92 | J48: =+ROUND(I48*(1+$L$72),2) -> 367790.13 | K48: =+I48*H48 -> 10817357 | L48: =ROUND(H48*J48,0) -> 14711605
C49: 5.5 | D49: 16699 | F49: =UPPER(VLOOKUP(D49,'Precios IDRD'!$B$3:$F$10839,2,FALSE)) -> EMPRADIZACION ZONAS VERDES (5CMTIERRA)A=30.000M2 | G49: =VLOOKUP(D49,'Precios IDRD'!$B$3:$F$10839,3,FALSE) -> M2 | H49: 440 | I49: =VLOOKUP(D49,'Precios IDRD'!$B$3:$F$10839,5,FALSE) -> 20969.7 | J49: =+ROUND(I49*(1+$L$72),2) -> 28518.79 | K49: =+I49*H49 -> 9226668 | L49: =ROUND(H49*J49,0) -> 12548268
C50: 6. JUEGOS Y SEÑALIZACIÓN
C51: 6.1 | D51: 14679 | F51: =UPPER(VLOOKUP(D51,'Precios IDRD'!$B$3:$F$10839,2,FALSE)) -> JUEGO DE AROS (SUM + INST) | G51: =VLOOKUP(D51,'Precios IDRD'!$B$3:$F$10839,3,FALSE) -> JGO | H51: 4 | I51: =VLOOKUP(D51,'Precios IDRD'!$B$3:$F$10839,5,FALSE) -> 314321.69 | J51: =+ROUND(I51*(1+$L$72),2) -> 427477.5 | K51: =+I51*H51 -> 1257286.8 | L51: =ROUND(H51*J51,0) -> 1709910
C52: 6.2 | D52: 16123 | F52: =UPPER(VLOOKUP(D52,'Precios IDRD'!$B$3:$F$10839,2,FALSE)) -> JUEGO ESCALAR, TREPAR PLATAFORMA:4-14AÑOSCAP:6NIÑO | G52: =VLOOKUP(D52,'Precios IDRD'!$B$3:$F$10839,3,FALSE) -> UN | H52: 3 | I52: =VLOOKUP(D52,'Precios IDRD'!$B$3:$F$10839,5,FALSE) -> 54773037 | J52: =+ROUND(I52*(1+$L$72),2) -> 74491330 | K52: =+I52*H52 -> 1.6431911e+08 | L52: =ROUND(H52*J52,0) -> 223473990
C53: 6.3 | D53: 14846 | F53: =UPPER(VLOOKUP(D53,'Precios IDRD'!$B$3:$F$10839,2,FALSE)) -> SEÑAL SC-80 2 CARA(DESM+SUM+INST) | G53: =VLOOKUP(D53,'Precios IDRD'!$B$3:$F$10839,3,FALSE) -> UN | H53: 14 | I53: =VLOOKUP(D53,'Precios IDRD'!$B$3:$F$10839,5,FALSE) -> 529698.77 | J53: =+ROUND(I53*(1+$L$72),2) -> 720390.33 | K53: =+I53*H53 -> 7415782.8 | L53: =ROUND(H53*J53,0) -> 10085465
C54: 6.4 | D54: 14852 | F54: =UPPER(VLOOKUP(D54,'Precios IDRD'!$B$3:$F$10839,2,FALSE)) -> LAMINA SEÑAL IDG-S (DESM+SUM+INST) | G54: =VLOOKUP(D54,'Precios IDRD'!$B$3:$F$10839,3,FALSE) -> UN | H54: 14 | I54: =VLOOKUP(D54,'Precios IDRD'!$B$3:$F$10839,5,FALSE) -> 212923.68 | J54: =+ROUND(I54*(1+$L$72),2) -> 289576.2 | K54: =+I54*H54 -> 2980931.5 | L54: =ROUND(H54*J54,0) -> 4054067
C55: 6.5 | D55: 10228 | F55: =UPPER(VLOOKUP(D55,'Precios IDRD'!$B$3:$F$10839,2,FALSE)) -> JUEGOS INFANTILES M-3A (SUM+INSTAL)-STPM ** | G55: =VLOOKUP(D55,'Precios IDRD'!$B$3:$F$10839,3,FALSE) -> UN | H55: 2 | I55: =VLOOKUP(D55,'Precios IDRD'!$B$3:$F$10839,5,FALSE) -> 9557006.9 | J55: =+ROUND(I55*(1+$L$72),2) -> 12997529 | K55: =+I55*H55 -> 19114014 | L55: =ROUND(H55*J55,0) -> 25995059
C56: 6.6 | D56: 14684 | F56: =UPPER(VLOOKUP(D56,'Precios IDRD'!$B$3:$F$10839,2,FALSE)) -> SEÑAL IDG-S 2 CARAS (SUM + INST) | G56: =VLOOKUP(D56,'Precios IDRD'!$B$3:$F$10839,3,FALSE) -> UN | H56: 10 | I56: =VLOOKUP(D56,'Precios IDRD'!$B$3:$F$10839,5,FALSE) -> 712190.31 | J56: =+ROUND(I56*(1+$L$72),2) -> 968578.82 | K56: =+I56*H56 -> 7121903.1 | L56: =ROUND(H56*J56,0) -> 9685788
C57: 6.7 | D57: 14678 | F57: =UPPER(VLOOKUP(D57,'Precios IDRD'!$B$3:$F$10839,2,FALSE)) -> SEÑAL SC-120 2 CARAS (SUM + INST) | G57: =VLOOKUP(D57,'Precios IDRD'!$B$3:$F$10839,3,FALSE) -> UN | H57: 10 | I57: =VLOOKUP(D57,'Precios IDRD'!$B$3:$F$10839,5,FALSE) -> 487020.39 | J57: =+ROUND(I57*(1+$L$72),2) -> 662347.73 | K57: =+I57*H57 -> 4870203.9 | L57: =ROUND(H57*J57,0) -> 6623477
C58: 6.8 | D58: 14691 | F58: =UPPER(VLOOKUP(D58,'Precios IDRD'!$B$3:$F$10839,2,FALSE)) -> LAMINA SEÑAL IDG-S (SUM + INST) | G58: =VLOOKUP(D58,'Precios IDRD'!$B$3:$F$10839,3,FALSE) -> UN | H58: 10 | I58: =VLOOKUP(D58,'Precios IDRD'!$B$3:$F$10839,5,FALSE) -> 180477.96 | J58: =+ROUND(I58*(1+$L$72),2) -> 245450.03 | K58: =+I58*H58 -> 1804779.6 | L58: =ROUND(H58*J58,0) -> 2454500
C59: 6.9 | D59: 14689 | F59: =UPPER(VLOOKUP(D59,'Precios IDRD'!$B$3:$F$10839,2,FALSE)) -> LAMINA INFORMATIVA SC-80 (SUM + INST) | G59: =VLOOKUP(D59,'Precios IDRD'!$B$3:$F$10839,3,FALSE) -> UN | H59: 10 | I59: =VLOOKUP(D59,'Precios IDRD'!$B$3:$F$10839,5,FALSE) -> 380276.95 | J59: =+ROUND(I59*(1+$L$72),2) -> 517176.65 | K59: =+I59*H59 -> 3802769.5 | L59: =ROUND(H59*J59,0) -> 5171767
C61: SUBTOTAL OBRAS INICIALES (INCLUYE A.I.U.) (A): | L61: =ROUND(SUM(L13:L59),2) -> 1200406942
C62: SUBTOTAL OBRAS INICIALES COSTOS DIRECTOS | L62: =SUM(K14:K59) -> 8.8265217e+08
H64: COSTOS TOTALES FIJOS PARA MANEJO AMBIENTAL - SST - GESTIÓN SOCIAL - MANEJO DE TRAFICO CON A.I.U (B) | L64: =ROUND(+'PMA-PGS-PMT'!H59,0) -> 41956658
H65: VALOR TOTAL (A + B ) | L65: =+L61+L64 -> 1242363600
C68: NOTA 1: Se debe tener en cuenta que el PRECIO UNITARIO incluye el valor de A.I.U. | I68: DESCRIPCION | L68: PORCENTAJE
C69: NOTA 2: Cuando la fracción decimal del peso sea igual o superior a 5 se aproximará por exceso al número entero siguiente del peso y cuando la fracción decimal del peso sea inferior a 5 se aproximará por defecto al número entero del peso. | I69: ADMINISTRACIÓN | K69: A= | L69: =+AIU!L63 -> 0.3
C70: NOTA 3: El A.I.U y su discriminación deben estar en porcentaje (%). | I70: IMPREVISTO | K70: I= | L70: =+AIU!L64 -> 0.01
I71: UTILIDAD | K71: U= | L71: =+AIU!L65 -> 0.05
I72: TOTAL A.I.U | K72: A.I.U.= | L72: 0.36
L79: 1242363600
L83: =+L79-L65 -> 0

Sheet Oferta Económica
B1: ,
C3: Formulario 1 - Propuesta económica - Documento tipo de licitación de obra pública de infraestructura social - versión 4
C4: Código | D4: CCE-EICP-FM-14 | E4: Versión
C5: FORMULARIO 1
C6: OFERTA ECONOMICA
C7: [La entidad puede utilizar este formulario de detalle del presupuesto oficial para determinar las condiciones bajo las cuales los proponentes analizarán y presentarán su propuesta económica de forma detallada, sin perjuicio que la entidad pueda modificarlo o establecer la presentación de la oferta económica con un formulario distinto al indicado.]
C9: Adicionalmente, cuando el proceso de contratación es estructurado por precios unitarios, la Entidad debe aplicar las notas 1, 2 y 3 del presente formulario y las casillas de "Descripción", "Porcentaje" de la Administración, Imprevisto, Utilidad y total A.I.U. resaltadas en color amarillo. Tratándose de otras modalidades de precio, la Entidad puede o no configurar los mismos aspectos.
C11: Nº | D11: CÓDIGO IDRD | E11: ÍTEM | F11: DESCRIPCIÓN | G11: UND. | H11: CANTIDAD | I11: VALOR UNITARIO ( INCLUIDO A.I.U) | J11: VALOR TOTAL (INCLUIDO AIU)
C13: 1. PREELIMINARES
C14: 1.1 | D14: 11646 | F14: =UPPER(VLOOKUP(D14,'[104]Precios IDRD'!$B$3:$F$10839,2,FALSE)) -> CERRAMIENTO LONA H=2.20 MTS(EXC) ** | G14: ML | H14: 100 | I14: 43021 | J14: =+ROUND(I14*H14,0) -> 4302100
C15: 1.2 | D15: 12837 | F15: =UPPER(VLOOKUP(D15,'[104]Precios IDRD'!$B$3:$F$10839,2,FALSE)) -> DESMONTE SEÑAL (IDG-S) | G15: UN | H15: 20 | I15: 84556 | J15: =+ROUND(I15*H15,0) -> 1691120
C16: 1.3 | D16: 14439 | F16: =UPPER(VLOOKUP(D16,'[104]Precios IDRD'!$B$3:$F$10839,2,FALSE)) -> DESMONTE PISO DE CAUCHO(TRASIEGO+RETIRO) | G16: M2 | H16: 400 | I16: 13870 | J16: =+ROUND(I16*H16,0) -> 5548000
C17: 2. VARIOS (ACTIVIDADES INCLUYEN EL SUMINISTRO E INSTALACIÓN)
C18: 2.1 | D18: 14651 | F18: =UPPER(VLOOKUP(D18,'[104]Precios IDRD'!$B$3:$F$10839,2,FALSE)) -> CANECAS ACERO INOXIDABLE (SUM + INST) | G18: UN | H18: 15 | I18: 828277 | J18: =+ROUND(I18*H18,0) -> 12424155
C19: 2.2 | D19: 14642 | F19: =UPPER(VLOOKUP(D19,'[104]Precios IDRD'!$B$3:$F$10839,2,FALSE)) -> BARANDA CERRAMIENTOS M-83 (SUM + INST) | G19: ML | H19: 60 | I19: 863681 | J19: =+ROUND(I19*H19,0) -> 51820860
C20: 2.3 | D20: 14625 | F20: =UPPER(VLOOKUP(D20,'[104]Precios IDRD'!$B$3:$F$10839,2,FALSE)) -> BARANDAS CERRAMIENTO M - 80 (SUM + INST) | G20: ML | H20: 40 | I20: 750677 | J20: =+ROUND(I20*H20,0) -> 30027080
C21: 2.4 | D21: 14824 | F21: =UPPER(VLOOKUP(D21,'[104]Precios IDRD'!$B$3:$F$10839,2,FALSE)) -> BANCA M-31(DESM+SUM+INST) | G21: UN | H21: 10 | I21: 951857 | J21: =+ROUND(I21*H21,0) -> 9518570
C22: 2.5 | D22: 10434 | F22: =UPPER(VLOOKUP(D22,'[104]Precios IDRD'!$B$3:$F$10839,2,FALSE)) -> ADOQUIN ARCILLA E= 6 CM SOBRE ARENA (SUM E INST)** | G22: M2 | H22: 500 | I22: 127331 | J22: =+ROUND(I22*H22,0) -> 63665500
C23: 2.6 | D23: 16676 | F23: =UPPER(VLOOKUP(D23,'[104]Precios IDRD'!$B$3:$F$10839,2,FALSE)) -> PISO CAUCHO RECICL 4CM (EPDM 1CM+SBR 3CM SUM+INST | G23: M2 | H23: 130 | I23: 462135 | J23: =+ROUND(I23*H23,0) -> 60077550
C24: 2.7 | D24: 16677 | F24: =UPPER(VLOOKUP(D24,'[104]Precios IDRD'!$B$3:$F$10839,2,FALSE)) -> PISO CAUCHO RECICL 5CM (EPDM 1CM+SBR 4CM SUM+INST) | G24: M2 | H24: 100 | I24: 514495 | J24: =+ROUND(I24*H24,0) -> 51449500
C25: 2.8 | D25: 16669 | F25: =UPPER(VLOOKUP(D25,'[104]Precios IDRD'!$B$3:$F$10839,2,FALSE)) -> PISO CAUCHO RECICL 8CM (EPDM 1CM+SBR 7CM SUM+INST) | G25: M2 | H25: 100 | I25: 767530 | J25: =+ROUND(I25*H25,0) -> 76753000
C26: 2.9 | D26: 11126 | F26: =UPPER(VLOOKUP(D26,'[104]Precios IDRD'!$B$3:$F$10839,2,FALSE)) -> BANCA PREFAB M-30 CON ESPALD SUMIN+INSTALA Z.V** | G26: UN | H26: 12 | I26: 1261635 | J26: =+ROUND(I26*H26,0) -> 15139620
C27: 3. PINTURAS Y DEMARCACIONES
C28: 3.1 | D28: 12198 | F28: =UPPER(VLOOKUP(D28,'[104]Precios IDRD'!$B$3:$F$10839,2,FALSE)) -> PINTURA BARANDA M-80 (2 MANOS) | G28: ML | H28: 580 | I28: 37671 | J28: =+ROUND(I28*H28,0) -> 21849180
C29: 3.2 | D29: 13923 | F29: =UPPER(VLOOKUP(D29,'[104]Precios IDRD'!$B$3:$F$10839,2,FALSE)) -> PINTURA MODULO M-3A | G29: UN | H29: 7 | I29: 1116221 | J29: =+ROUND(I29*H29,0) -> 7813547
C30: 3.3 | D30: 13014 | F30: =UPPER(VLOOKUP(D30,'[104]Precios IDRD'!$B$3:$F$10839,2,FALSE)) -> PINTURA MODULO M-5 COLUMPIO ** | G30: UN | H30: 9 | I30: 929079 | J30: =+ROUND(I30*H30,0) -> 8361711
C31: 3.4 | D31: 15788 | F31: =UPPER(VLOOKUP(D31,'[104]Precios IDRD'!$B$3:$F$10839,2,FALSE)) -> PINTURA MODULO- M-3(RETIR.PINT+ANTICORROSIVO+PINT) | G31: UN | H31: 9 | I31: 1731390 | J31: =+ROUND(I31*H31,0) -> 15582510
C32: 3.5 | D32: 10855 | F32: =UPPER(VLOOKUP(D32,'[104]Precios IDRD'!$B$3:$F$10839,2,FALSE)) -> PINTURA ESTRUCTURA MICROFUTBOL (CON BROCHA) ** | G32: JGO | H32: 9 | I32: 525618 | J32: =+ROUND(I32*H32,0) -> 4730562
C33: 3.6 | D33: 10851 | F33: =UPPER(VLOOKUP(D33,'[104]Precios IDRD'!$B$3:$F$10839,2,FALSE)) -> PINTURA ESTRUCTURA BALONCESTO ** | G33: JGO | H33: 9 | I33: 1234398 | J33: =+ROUND(I33*H33,0) -> 11109582
C34: 3.7 | D34: 13695 | F34: =UPPER(VLOOKUP(D34,'[104]Precios IDRD'!$B$3:$F$10839,2,FALSE)) -> PINTURA DE CANECA M-120 | G34: UN | H34: 16 | I34: 143720 | J34: =+ROUND(I34*H34,0) -> 2299520
C35: 3.8 | D35: 10957 | F35: =UPPER(VLOOKUP(D35,'[104]Precios IDRD'!$B$3:$F$10839,2,FALSE)) -> LIMPEZA ESTRUCT.METALICA- PINTURA ESMALTE+ANTICORR | G35: ML | H35: 600 | I35: 25821 | J35: =+ROUND(I35*H35,0) -> 15492600
C36: 3.9 | D36: 12801 | F36: =UPPER(VLOOKUP(D36,'[104]Precios IDRD'!$B$3:$F$10839,2,FALSE)) -> PINTURA EXTERIOR GRIS BASALTO (3 MANOS) | G36: M2 | H36: 60 | I36: 54399 | J36: =+ROUND(I36*H36,0) -> 3263940
C37: 3.10 | D37: 10253 | F37: =UPPER(VLOOKUP(D37,'[104]Precios IDRD'!$B$3:$F$10839,2,FALSE)) -> DEMARCACION PINTURA TRAFICO MICROFUTBOL A=0.1 ** | G37: M2 | H37: 1500 | I37: 5490 | J37: =+ROUND(I37*H37,0) -> 8235000
C38: 3.11 | D38: 10254 | F38: =UPPER(VLOOKUP(D38,'[104]Precios IDRD'!$B$3:$F$10839,2,FALSE)) -> DEMARCACION PINTURA TRAFICO BALONCESTO A=0.1 ** | G38: M2 | H38: 1500 | I38: 8347 | J38: =+ROUND(I38*H38,0) -> 12520500
C39: 4. CARPINTERÍA METALICA
C40: 4.1 | D40: 13689 | F40: =UPPER(VLOOKUP(D40,'[104]Precios IDRD'!$B$3:$F$10839,2,FALSE)) -> PUNTO DE SOLDADURA 6013 | G40: UN | H40: 866.68587 | I40: 13646 | J40: =+ROUND(I40*H40,0) -> 11826795
C41: 4.2 | D41: 13659 | F41: =UPPER(VLOOKUP(D41,'[104]Precios IDRD'!$B$3:$F$10839,2,FALSE)) -> CORDON DE SOLDADURA 6013 (L=25 CM) | G41: UN | H41: 50 | I41: 114830 | J41: =+ROUND(I41*H41,0) -> 5741500
C42: 4.3 | D42: 10087 | F42: =UPPER(VLOOKUP(D42,'[104]Precios IDRD'!$B$3:$F$10839,2,FALSE)) -> CERRAMIENTO CONTRA IMPACTO IDRD H= 5 ** | G42: ML | H42: 81.940015 | I42: 2471216 | J42: =+ROUND(I42*H42,0) -> 202491476
C43: 4.4 | D43: 13706 | F43: =UPPER(VLOOKUP(D43,'[104]Precios IDRD'!$B$3:$F$10839,2,FALSE)) -> MALLA ESLAB CAL.10+ANGULO11/2"X1/8"+PLAT(SUM+INS) | G43: M2 | H43: 50 | I43: 153652 | J43: =+ROUND(I43*H43,0) -> 7682600
C44: 5. ASFALTOS - ADOQUINES - ZONAS VERDES
C45: 5.1 | D45: 10623 | F45: =UPPER(VLOOKUP(D45,'[104]Precios IDRD'!$B$3:$F$10839,2,FALSE)) -> CORTE DILATACIONES EN ASFALTO ** | G45: ML | H45: 20 | I45: 7139 | J45: =+ROUND(I45*H45,0) -> 142780
C46: 5.2 | D46: 12492 | F46: =UPPER(VLOOKUP(D46,'[104]Precios IDRD'!$B$3:$F$10839,2,FALSE)) -> IMPRIMACION ASFALTICA EN FRIO (EQUIP.DE BOMBA)** | G46: M2 | H46: 300 | I46: 17096 | J46: =+ROUND(I46*H46,0) -> 5128800
C47: 5.3 | D47: 12017 | F47: =UPPER(VLOOKUP(D47,'[104]Precios IDRD'!$B$3:$F$10839,2,FALSE)) -> CANCHAASFALTO E=0.05 R-IDRD 4.3-A BLANDOGEOTEXTIL | G47: M2 | H47: 300 | I47: 340653 | J47: =+ROUND(I47*H47,0) -> 102195900
C48: 5.4 | D48: 12005 | F48: =UPPER(VLOOKUP(D48,'[104]Precios IDRD'!$B$3:$F$10839,2,FALSE)) -> ADOQUÍNARCILL E=0.06 P>10% 4.2-1BLANDO+GEOTEXTIL | G48: M2 | H48: 40 | I48: 344902 | J48: =+ROUND(I48*H48,0) -> 13796080
C49: 5.5 | D49: 16699 | F49: =UPPER(VLOOKUP(D49,'[104]Precios IDRD'!$B$3:$F$10839,2,FALSE)) -> EMPRADIZACION ZONAS VERDES (5CMTIERRA)A=30.000M2 | G49: M2 | H49: 440 | I49: 26744 | J49: =+ROUND(I49*H49,0) -> 11767360
C50: 6. JUEGOS Y SEÑALIZACIÓN
C51: 6.1 | D51: 14679 | F51: =UPPER(VLOOKUP(D51,'[104]Precios IDRD'!$B$3:$F$10839,2,FALSE)) -> JUEGO DE AROS (SUM + INST) | G51: JGO | H51: 4 | I51: 400875 | J51: =+ROUND(I51*H51,0) -> 1603500
C52: 6.2 | D52: 16123 | F52: =UPPER(VLOOKUP(D52,'[104]Precios IDRD'!$B$3:$F$10839,2,FALSE)) -> JUEGO ESCALAR, TREPAR PLATAFORMA:4-14AÑOSCAP:6NIÑO | G52: UN | H52: 3 | I52: 69855734 | J52: =+ROUND(I52*H52,0) -> 209567202
C53: 6.3 | D53: 14846 | F53: =UPPER(VLOOKUP(D53,'[104]Precios IDRD'!$B$3:$F$10839,2,FALSE)) -> SEÑAL SC-80 2 CARA(DESM+SUM+INST) | G53: UN | H53: 14 | I53: 675560 | J53: =+ROUND(I53*H53,0) -> 9457840
C54: 6.4 | D54: 14852 | F54: =UPPER(VLOOKUP(D54,'[104]Precios IDRD'!$B$3:$F$10839,2,FALSE)) -> LAMINA SEÑAL IDG-S (DESM+SUM+INST) | G54: UN | H54: 14 | I54: 271555 | J54: =+ROUND(I54*H54,0) -> 3801770
C55: 6.5 | D55: 10228 | F55: =UPPER(VLOOKUP(D55,'[104]Precios IDRD'!$B$3:$F$10839,2,FALSE)) -> JUEGOS INFANTILES M-3A (SUM+INSTAL)-STPM ** | G55: UN | H55: 2 | I55: 12188693 | J55: =+ROUND(I55*H55,0) -> 24377386
C56: 6.6 | D56: 14684 | F56: =UPPER(VLOOKUP(D56,'[104]Precios IDRD'!$B$3:$F$10839,2,FALSE)) -> SEÑAL IDG-S 2 CARAS (SUM + INST) | G56: UN | H56: 10 | I56: 908304 | J56: =+ROUND(I56*H56,0) -> 9083040
C57: 6.7 | D57: 14678 | F57: =UPPER(VLOOKUP(D57,'[104]Precios IDRD'!$B$3:$F$10839,2,FALSE)) -> SEÑAL SC-120 2 CARAS (SUM + INST) | G57: UN | H57: 10 | I57: 621129 | J57: =+ROUND(I57*H57,0) -> 6211290
C58: 6.8 | D58: 14691 | F58: =UPPER(VLOOKUP(D58,'[104]Precios IDRD'!$B$3:$F$10839,2,FALSE)) -> LAMINA SEÑAL IDG-S (SUM + INST) | G58: UN | H58: 10 | I58: 230175 | J58: =+ROUND(I58*H58,0) -> 2301750
C59: 6.9 | D59: 14689 | F59: =UPPER(VLOOKUP(D59,'[104]Precios IDRD'!$B$3:$F$10839,2,FALSE)) -> LAMINA INFORMATIVA SC-80 (SUM + INST) | G59: UN | H59: 10 | I59: 484992 | J59: =+ROUND(I59*H59,0) -> 4849920
C61: SUBTOTAL OBRAS INICIALES (INCLUYE A.I.U.) (A): | J61: =+SUM(J14:J59) -> 1125702696
C62: SUBTOTAL OBRAS INICIALES COSTOS DIRECTOS | J62: =+J61/1.36 -> 8.2772257e+08
G64: COSTOS TOTALES FIJOS PARA MANEJO AMBIENTAL - SST - GESTIÓN SOCIAL - MANEJO DE TRAFICO CON A.I.U(B) | J64: 41956658
G65: VALOR TOTAL (A + B ) | J65: =+J61+J64 -> 1167659354
C68: NOTA 1: Se debe tener en cuenta que el PRECIO UNITARIO incluye el valor de A.I.U. | H68: DESCRIPCION | J68: PORCENTAJE
C69: NOTA 2: Cuando la fracción decimal del peso sea igual o superior a 5 se aproximará por exceso al número entero siguiente del peso y cuando la fracción decimal del peso sea inferior a 5 se aproximará por defecto al número entero del peso. | H69: ADMINISTRACIÓN | I69: A= | J69: 0.3
C70: NOTA 3: El A.I.U y su discriminación deben estar en porcentaje (%). | H70: IMPREVISTO | I70: I= | J70: 0.01
H71: UTILIDAD | I71: U= | J71: 0.05
H72: TOTAL A.I.U. | J72: =+J69+J70+J71 -> 0.36
L73: 0.35
J79: 1242363600
J83: =+J79-J65 -> 74704246
F86: R/L IMAGEN Y MARCA S.A.S.

Sheet AIU
C4: ALCALDIA LOCAL DE SAN CRISTÓBAL
C5: MATRIZ PARA CÁLCULO AIU
C8: FECHA DE DILIGENCIAMIENTO | E8: 45726 | I8: CONTRATO No.
C9: FONDO DE DESARROLLO LOCAL | E9: San Cristóbal | I9: OBJETO DEL CONTRATO
I10: CONTRATAR MEDIANTE EL SISTEMA DE PRECIOS UNITARIOS A MONTO AGOTABLE, LAS OBRAS DE REHABILITACIÓN Y/O CONSERVACIÓN Y/O MEJORAMIENTO Y/O MANTENIMIENTO DE PARQUES DE PROXIMIDAD DE LA LOCALIDAD DE SAN CRISTOBAL – PDL 2025 – 2028 VIGENCIA 2025
C11: COSTO DIRECTO ESTIMADO DE OBRA (CD) | E11: =+'PRESUPUESTO Entidad'!L62 -> 8.8265217e+08
C12: TERMINO ESTIMADO DE EJECUCIÓN DE OBRA | E12: 5 | G12: MESES
C13: TERMINO ESTIMADO DE EJECUCIÓN DE ACTIVIDADES PREVIAS | E13: 1 | G13: MESES
C14: COSTOS ESTIMADOS DE PMA - SST - GESTIÓN SOCIAL - PMT | E14: =+SUM('PMA-PGS-PMT'!H59) -> 41956658
C16: A. ADMINISTRACIÓN
C17: 1. COSTOS MENSUALES DE PERSONAL
C18: CANTIDAD | D18: CARGO | E18: CATEGORÍA | G18: DEDICACIÓN ACTIVIDADES PREVIAS | H18: DEDICACIÓN ACTIVIDADES DE OBRA | I18: TARIFA MENSUAL | J18: FP | K18: SALARIO + PRESTACIONES ETAPA ACTIVIDADES PREVIAS | L18: SALARIO + PRESTACIONES ETAPA DE OBRA
C19: A | G19: B1 | H19: B2 | I19: C | J19: D | K19: E = A * B1 * C * D | L19: E = A * B2 * C * D
C20: 1.1 PERSONAL PROFESIONAL
C21: 1 | D21: DIRECTOR DE OBRA | E21: 5 | G21: 0.3 | H21: 0.3 | I21: 8172000 | J21: =+FM!$D$30 -> 1.5429 | K21: =+ROUND(C21*G21*I21*J21,0) -> 3782574 | L21: =ROUND(C21*H21*I21*J21,0) -> 3782574
C22: 1 | D22: INGENIERO RESIDENTE GENERAL DE OBRA | E22: 6 | G22: 0.5 | H22: 1 | I22: 5510000 | J22: =+FM!$D$30 -> 1.5429 | K22: =+ROUND(C22*G22*I22*J22,0) -> 4250690 | L22: =ROUND(C22*H22*I22*J22,0) -> 8501379
C23: 1.2 PERSONAL AMBIENTAL Y SST
C24: 1 | D24: PROFESIONAL SISOMA | E24: 7 | G24: 0.2 | H24: 0.2 | I24: 5510000 | J24: =+FM!$D$30 -> 1.5429 | K24: =+ROUND(C24*G24*I24*J24,0) -> 1700276 | L24: =ROUND(C24*H24*I24*J24,0) -> 1700276
C25: 1.3 PERSONAL SOCIAL
C26: 1 | D26: PROFESIONAL SOCIAL | E26: 7 | G26: 0.2 | H26: 0.2 | I26: 5510000 | J26: =+FM!$D$30 -> 1.5429 | K26: =+ROUND(C26*G26*I26*J26,0) -> 1700276 | L26: =ROUND(C26*H26*I26*J26,0) -> 1700276
C27: 1.4 PERSONAL TÉCNICO Y PERSONAL AUXILIAR TÉCNICO
C28: 1 | D28: INSPECTORES | E28: 1 | G28: 0 | H28: 1 | I28: 3149000 | J28: =+FM!$D$30 -> 1.5429 | K28: =+ROUND(C28*G28*I28*J28,0) -> 0 | L28: =ROUND(C28*H28*I28*J28,0) -> 4858592
C29: SUBTOTAL COSTOS MENSUALES DE PERSONAL | K29: =(+K21+K22+K24+K26+K28) -> 11433816 | L29: =(L21+L22+L24+L26+L28) -> 20543097
C31: 2. GASTOS OPERACIONALES MENSUALES | E31: UNIDAD | F31: ÁREA (M2) | G31: ETAPA ACTIVIDADES PREVIAS | H31: ETAPA DE ACTIVIDADES DE OBRA | I31: COSTO | J31: VALOR ERATA ACTIVIDADES PREVIAS | L31: VALOR ERATA ACTIVIDADES DE OBRA
C32: ALQUILER MES - ARRIENDO OFICINA INCL. ADMINISTRACIÓN, SERVICIOS PÚBLICOS, COMUNICACIONES | E32: M2/MES | F32: 25 | G32: 0 | H32: 1 | I32: 26500 | J32: =+F32*G32*I32 -> 0 | L32: =+F32*I32*H32 -> 662500
C33: TARIFA MES - GASTOS DE OFICINA (PAPELERIA, FOTOCOPIAS Y OTROS) | E33: GLB/MES | G33: 0.5 | H33: 0.5 | I33: 1199778 | J33: =G33*I33 -> 599889 | L33: =I33*H33/E12 -> 119977.8
C34: 1 | D34: ALQUILER VEHICULO - CAMPERO PICK-UP, CAMIONETA DE 1300-2000cc - MODELO 2022 - 2019 - INCLUYE TODOS LOS COSTOS DE OPERACIÓN Y MANTENIMIENTO (INCLUYE CONDUCTOR) | E34: MES | G34: 0.2 | H34: 0.7 | I34: 8352000 | J34: =G34*I34 -> 1670400 | L34: =I34*H34 -> 5846400
C35: NOTA: EL VR. DE LA TARIFA DE LA MOVILIZACIÓN DE EQUIPOS ES VIAJE (IDA Y VUELTA)
C36: NOTA: EL PAGO DE MOVILIZACION DE EQUIPOS SE ESTIMA INGRESO, RETIRO Y MOVILIZACIÓN INTERNA POR CORREDOR VIAL PARA EL EQUIPO PESADO MINIMO REQUERIDO (4 EQUIPOS PESADOS)
C37: NOTA: NO SE PAGARAN CELADORES ADICIONALES EN EL MARCO DEL CONTRATO, POR LO QUE EL CONTRATISTA DEBERA ASUMIR LO DESCRITO AQUÍ.
C38: SUBTOTAL GASTOS OPERACIONALES MENSUALES | J38: =+SUM(J32:K34) -> 2270289 | L38: =+SUM(L32:L34) -> 6628877.8
C40: TOTAL COSTOS PERSONAL + GASTOS OPERACIONALES POR EL TÉRMINO DE EJECUCIÓN | J40: =+(J38+K29)*E13 -> 13704105 | L40: =+(L38+L29)*E12 -> 135859874
C41: TOTAL COSTOS PERSONAL + GASTOS OPERACIONALES POR EL TÉRMINO DE EJECUCIÓN EN PORCENTAJE DEL COSTO DIRECTO | J41: =+J40/E11 -> 0.015526054 | L41: =+L40/E11 -> 0.15392232
C43: 3. IMPUESTOS Y GARANTIAS
C44: 3.1 IMPUESTOS
C45: DESCRIPCIÓN | G45: BASE | J45: IMPUESTO | L45: VALOR ($)
C46: CONTRIBUCIÓN ESPECIAL | G46: Resolución SDH 59 - de 2019, Circular DDT 4 de 2019 | J46: 0.05 | L46: =ROUND((($E$11*ROUND((1+$M$66),4))+$E$14)*J46,0) -> 62118181
C47: RETEFUENTE | G47: Artículo 1.2.4.9.1 del decreto 1625 de 2017 - Actividades de obra | J47: 0.02 | L47: =ROUND((($E$11*ROUND((1+$M$66),4))+$E$14)*J47,0) -> 24847272
C48: RETEICA | G48: Clasificación de actividades económicas (CIIU) revisión 4 | J48: 0.0076 | L48: =ROUND((($E$11*ROUND((1+$M$66),4))+$E$14)*J48,0) -> 9441963
C49: ESTAMPILLAS | G49: Universidad Pedagogica | J49: 0.005 | L49: =ROUND((($E$11*ROUND((1+$M$66),4))+$E$14)*J49,0) -> 6211818
C50: TIMBRE | G50: Decreto 175 del 14 de febrero de 2025 | J50: 0.005 | L50: =ROUND((($E$11*ROUND((1+$M$66),4))+$E$14)*J50,0) -> 6211818
C51: SUBTOTAL IMPUESTOS | L51: =SUM(L46:L50) -> 108831052
C52: 3.2 GARANTIAS
C53: DESCRIPCIÓN | G53: VR. BASE | H53: % ASEGURADO | I53: VIGENCIA AMPARO (MESES) | K53: TASA ASEGURADORA | L53: PRIMA ($)
C54: GARANTIA UNICA | D54: CUMPLIMIENTO | G54: =+'PRESUPUESTO Entidad'!L65 -> 1242363600 | H54: 0.1 | I54: 12 | J54: =+I54/12 -> 1 | K54: 0.003 | L54: =+(G54*H54*J54*K54)*1.19 -> 443523.81
D55: SALARIOS Y PRESTACIONES SOCIALES | G55: =+G54 -> 1242363600 | H55: 0.05 | I55: 42 | J55: =+I55/12 -> 3.5 | K55: 0.003 | L55: =+(G55*H55*J55*K55)*1.19 -> 776166.66
D56: ESTABILIDAD DE LA OBRA | G56: =$G$54 -> 1242363600 | H56: 0.2 | I56: 60 | J56: =+I56/12 -> 5 | K56: 0.003 | L56: =+(G56*H56*J56*K56)*1.19 -> 4435238.1
C57: RESPONSABILIDAD CIVIL EXTRACONTRACTUAL | D57: PREDIOS, LABORES Y OPERACIONES - VIGENCIA (corrspondientes a 200 SMMLV) | G57: =$G$54 -> 1242363600 | H57: 284700000 | I57: 6 | J57: =+I57/12 -> 0.5 | K57: 0.003 | L57: =+(H57*J57*K57)*1.19 -> 508189.5
C58: , | L58: =+SUM(L54:L57) -> 6163118
C60: TOTAL IMPUESTOS Y GARANTÍAS | L60: =ROUND(L51+L58,0) -> 114994170
C61: TOTAL IMPUESTOS Y GARANTÍAS EN PORCENTAJE DEL COSTO DIRECTO | L61: =ROUND(L60/E11,4) -> 0.1303
C63: A. ADMINISTRACIÓN (1 + 2 + 3) | L63: =ROUND(J41+L41+L61,2) -> 0.3
C64: I. IMPREVISTOS | L64: 0.01
C65: U. UTILIDAD | L65: 0.05
C66: A.I.U. (ADMINISTRACIÓN, IMPREVISTOS Y UTILIDAD) | L66: =SUM(L63:L65) -> 0.36 | M66: 0.36
C68: NOTA: EL PRESUPUESTO OFICIAL ESTIMADO (POE), Y DE ESTE, LOS COSTOS ASOCIADOS A PERSONAL QUE INCLUYEN EL FACTOR PRESTACIONAL (FP) SON INDICATIVOS. EL CONTRATISTA AL MOMENTO DE DAR CUMPLIMIENTO A SU OFERTA ECONOMICA DISPONDRA O NO DE LA UTILIZACION DEL FP DEPENDIENDO DEL TIPO DE VINCULACION (SEGÚN APLIQUE).
C70: NOTA: | D70: LA EDICIÓN DE LAS FÓRMULAS COMPROMETE LA RESPONSABILIDAD DEL USUARIO DE LA MATRIZ.

Sheet FM
B2: Para menores o iguales a 2 SMMLV | E2: BASE | F2: Link de la Justificación
B3: 1 | C3: Salario | D3: 1
B4: 2 | C4: Prestaciones Sociales | D4: =+SUM(D5:D15) -> 0.69754466
B5: 2.1 | C5: Prima Anual (Legal) | D5: 0.0833 | E5: Artículo 306 del Código Sustantivo del Trabajo – CST | F5: https://www.alcaldiabogota.gov.co/sisjur/normas/Norma1.jsp?i=33104
B6: 2.2 | C6: Cesantías | D6: 0.0833 | E6: Artículo 249 del Código Sustantivo del Trabajo – CST | F6: https://www.alcaldiabogota.gov.co/sisjur/normas/Norma1.jsp?i=33104
B7: 2.3 | C7: Interéses a las cesantías | D7: 0.01 | E7: Artículo 99 Ley 50 de 1990 | F7: https://www.funcionpublica.gov.co/eva/gestornormativo/norma.php?i=281
B8: 2.4 | C8: Vacaciones | D8: 0.0417 | E8: Artículo 186 del Código Sustantivo del Trabajo – CST | F8: https://www.alcaldiabogota.gov.co/sisjur/normas/Norma1.jsp?i=33104
B9: 2.5 | C9: Salud | D9: 0.085 | E9: Artículo 10 Ley 1122 de 2007 | F9: https://www.minsalud.gov.co/sites/rid/Lists/BibliotecaDigital/RIDE/DE/DIJ/ley-1122-de-2007.pdf
B10: 2.6 | C10: Pensión | D10: 0.12 | E10: Artiíulo 7 de Ley 797 dee 2003 (Parcialmnete Decreto Nacional 510 de 2003) | F10: https://www.funcionpublica.gov.co/eva/gestornormativo/norma.php?i=7223
B11: 2.7 | C11: Caja de Compensacion Familiar | D11: 0.04 | E11: Artículo 12 Ley 21 de 1982 | F11: https://www.funcionpublica.gov.co/eva/gestornormativo/norma.php?i=4827
B12: 2.8 | C12: ARL | D12: 0.0696 | E12: Articulo 2.2.4.3.5 Decreto 1072 de 2015 (Tabla de Cotizaciones Mínimas y Máximas) | F12: https://www.funcionpublica.gov.co/eva/gestornormativo/norma.php?i=72173
E13: Decreto 768 de 2022 (actividad CIIU 4210 ) | F13: https://www.funcionpublica.gov.co/eva/gestornormativo/documentos/anexo_tecnico_decreto-768-2022.pdf
B14: 2.9 | C14: Dotacion y EPP | D14: 0.03 | E14: Artículo 230 del Código Sustantivo del Trabajo –CST y decreto 1075 de 2015 | F14: https://www.alcaldiabogota.gov.co/sisjur/normas/Norma1.jsp?i=33104
B15: 2.10 | C15: Auxilio de Transporte (SMMLV) | D15: 0.13464466 | E15: Artículo 1 del Decreto 1573 de 2024 y Resolución 2400 de 1979 y Resolución 3673 de 2008 | F15: https://cdn.actualicese.com/normatividad/2024/Decretos/D1573-24.pdf
C16: Total | D16: =+SUM(D3:D4) -> 1.6975447
B19: Para mayores a 2 SMMLV
B20: 1 | C20: Salario | D20: 1
B21: 2 | C21: Prestaciones Sociales | D21: =SUM(D22:D29) -> 0.5429
B22: 2.1 | C22: Prima Anual (Legal) | D22: 0.0833
B23: 2.2 | C23: Cesantías | D23: 0.0833
B24: 2.3 | C24: Interéses a las cesantías | D24: 0.01
B25: 2.4 | C25: Vacaciones | D25: 0.0417
B26: 2.5 | C26: Seguridad Social (Salud + Pensión) | D26: 0.205
B27: 2.6 | C27: Caja de Compensacion Familiar | D27: 0.04
B28: 2.7 | C28: ARL | D28: 0.0696
B29: 2.8 | C29: EPP | D29: 0.01
C30: Total | D30: =+SUM(D20:D21) -> 1.5429

Sheet PMA-PGS-PMT
C3: ALCALDIA LOCAL DE SAN CRISTÓBAL
C4: MATRIZ PARA CÁLCULO MANEJO AMBIENTAL - SST - GESTIÓN SOCIAL - MANEJO DE TRAFICO
C6: COMPONENTE AMBIENTAL Y SST
C8: ITEM | D8: DESCRIPCIÓN | E8: UND. | F8: CANTIDAD | G8: VALOR UNITARIO CON AIU | H8: VALOR TOTAL
D9: COMPONENTE A. PERSONAL
C10: 5167 | D10: PERSONAL DE BRIGADA Y ASEO (INCLUYE HERRAMIENTA MENOR). SUMINISTRO. | E10: H/ME | F10: 1 | G10: 2497477 | H10: =+ROUND(F10*G10,0) -> 2497477
D11: COMPONTE D. ACTIVIDADES CONSTRUCTIVAS
C12: 9280 | D12: BOLSA PARA BASURA TIPO INDUSTRIAL NEGRA DE 60 x 90 Cm CALIBRE 2 (PAQUETE DE 30 UNIDADES) | E12: UN | F12: 30 | G12: 13029 | H12: =+ROUND(F12*G12,0) -> 390870
C13: 9290 | D13: CANECA PLÁSTICA NEGRA DE 55 GALONES CON TAPA PLANA. | E13: UN | F13: 2 | G13: 137784 | H13: =+ROUND(F13*G13,0) -> 275568
C14: 7556 | D14: PLASTICO NEGRO CALIBRE 6 | E14: M2 | F14: 30 | G14: 1671 | H14: =+ROUND(F14*G14,0) -> 50130
C15: 7558 | D15: BAÑO TIPO FLUSHING | E15: UN/MES | F15: 6 | G15: 622965 | H15: =+ROUND(F15*G15,0) -> 3737790
D16: COMPONENTE E. GESTIÓN EN SEGURIDAD Y SALUD EN EL TRABAJO
C17: 7772 | D17: ALQUILER KIT DE EMERGENCIAS (INCLUYE EXTINTOR DE 10 LBS, CAMILLA EN POLIETILENO PRIMEROS AUXILIOS, INMOVILIZADOR CABEZA, CONO DE H= 1.0M Y BOTIQUÍN. | E17: UN/MES | F17: 12 | G17: 30755 | H17: =+ROUND(F17*G17,0) -> 369060
C18: 5170 | D18: ALQUILER ELEMENTOS DE PROTECCION PERSONAL BASICO CONSTRUCCION CUADRILLAS 5 PERSONAS (PARA PERSONAL OPERATIVO DE LOS FRENTES DE OBRA). | E18: UN/MES | F18: =+F21/5 -> 6 | G18: 391688 | H18: =+ROUND(F18*G18,0) -> 2350128
C19: 4934 | D19: ALQUILER CARPA VESTIER 2.0M X 2.0M CON ESTRUCTURA, TECHO Y LATERALES EN LONA. | E19: UN/MES | F19: 10 | G19: 163756 | H19: =+ROUND(F19*G19,0) -> 1637560
C20: 9985 | D20: SEÑAL EN POLIESTIRENO (30cm x 20cm) FOTOLUMINISCENTE - NORMA NTC - ISO | E20: UN | F20: 2 | G20: 68425 | H20: =+ROUND(F20*G20,0) -> 136850
C21: 7904 | D21: EXÁMEN MÉDICO OCUPACIONAL DE INGRESO O RETIRO | E21: UN | F21: 30 | G21: 30000 | H21: =+ROUND(F21*G21,0) -> 900000
C22: 7906 | D22: EXAMEN DE AUDIOMETRÍA DE INGRESO O EGRESO | E22: UN | F22: 30 | G22: 25000 | H22: =+ROUND(F22*G22,0) -> 750000
C23: 7908 | D23: EXAMEN DE OPTOMETRÍA DE INGRESO O EGRESO | E23: UN | F23: 30 | G23: 25600 | H23: =+ROUND(F23*G23,0) -> 768000
C24: 7910 | D24: EXAMEN DE ESPIROMETRÍA DE INGRESO O EGRESO | E24: UN | F24: 30 | G24: 30000 | H24: =+ROUND(F24*G24,0) -> 900000
C25: SUBTOTAL | H25: =+SUM(H10:H24) -> 14763433
C26: AIU | E26: =+'AIU PMA-PGS-PMT'!I35 -> 0.23 | H26: =+H25*E26 -> 3395589.6
C27: TOTAL | H27: =+H25+H26 -> 18159023
C29: COMPONENTE SOCIAL
C30: ITEM | D30: DESCRIPCIÓN | E30: UND. | F30: CANTIDAD | G30: VALOR UNITARIO CON AIU | H30: VALOR TOTAL
D31: PROGRAMA DE INFORMACION
C32: 7870 | D32: VÍDEO BEAM - ALQUILER POR DIA | E32: DIA | F32: 15 | G32: 99855 | H32: =+F32*G32 -> 1497825
D33: PROGRAMA DE DIVULGACIÓN AL CIUDADANO
C34: 7897 | D34: AFICHE TAMAÑO MEDIO PLIEGO A 4X0 TINTAS EN PROPALCOTE DE 115 GR. | E34: UN | F34: 1000 | G34: 1322 | H34: =+F34*G34 -> 1322000
C35: 6084 | D35: EDICION, IMPRESION Y DISTRIBUCION DE PIEZAS DE DIVULGACION (PIEZAS EN PAPEL BOND, TAMAÑO CARTA, TIPO FOTOCOPIA). | E35: UN | F35: 1000 | G35: 807 | H35: =+F35*G35 -> 807000
C36: 7901 | D36: VOLANTES TAMAÑO 1/2 CARTA POLICROMÍA COTE DE 115 GR. | E36: UN | F36: 1000 | G36: 84 | H36: =+F36*G36 -> 84000
C37: 7900 | D37: VOLANTES TAMAÑO CARTA POLICROMÍA DE 114 GR. | E37: UN | F37: 1000 | G37: 169 | H37: =+F37*G37 -> 169000
C38: 11086 | D38: VALLA MÓVIL DE 1.20m x 1.20m EN LÁMINA GALVANIZADA CALIBRE 20, ÁNGULO EN HIERRO DE 2 x 1-1/8" IMPRESO EN VINILO ADHESIVO. Incluye suministro e instalación. Impresión 720 DPI; Tintas para exteriores. | E38: UN | F38: 6 | G38: 674690 | H38: =+F38*G38 -> 4048140
D39: ATENCIÓN VIRTUAL AL CIUDADANO | H39: =+F39*G39 -> 0
C40: 7992 | D40: AVISO PUNTO CREA 1.50m x 0.90m EN LÁMINA GALVANIZADA CAL. 24. INCLUYE SUMINISTRO E INSTALACIÓN | E40: UN | F40: 1 | G40: 799680 | H40: =+F40*G40 -> 799680
C41: 9408 | D41: PUESTO DE TRABAJO - ESCRITORIO 75x120x50 | E41: UN | F41: 12 | G41: 209467 | H41: =+F41*G41 -> 2513604
C42: 9409 | D42: SILLA ESCRITORIO GIRATORIA CON BRAZOS | E42: UN | F42: 12 | G42: 189338 | H42: =+F42*G42 -> 2272056
C43: 9414 | D43: SILLA PLÁSTICA SIN BRAZOS | E43: UN | F43: 30 | G43: 36607 | H43: =+F43*G43 -> 1098210
C44: 6318 | D44: ALQUILER DE PORTATIL. CARACTERÍSTICAS: PROCESADOR INTEL, CORE I3 4005U, CELERON O SIMILAR, MEMORIA RAM DE 4 GB ( 2 X 2048 MB)DISCO DURO DE 500GB A 7200 RPMPANTALLA LED HP BRIGHTVIEW WIDESCREEN DE ALTA DEFINICIÓN CON 35,6 CM (14") O SIMILAR, HD INTEL GRAPHIC HD4400UNIDAD DE DVD QUEMADORBLUETOOTH | E44: UN/MES | F44: 6 | G44: 123571 | H44: =+F44*G44 -> 741426
C45: 9835 | D45: TARIFA MES - SERVICIO TELEFÓNICA LOCAL ILIMITADA, INTERNET BANDA ANCHA ILIMITADA 50 MB ESTRATO 3 | E45: MES | F45: 2 | G45: 74320 | H45: =+F45*G45 -> 148640
C46: SUBTOTAL | H46: =+SUM(H32:H45) -> 15501581
C47: AIU | E47: =+'AIU PMA-PGS-PMT'!I35 -> 0.23 | H47: =+H46*E47 -> 3565363.6
C48: TOTAL | H48: =+H46+H47 -> 19066945
C50: COMPONENTE PMT
C51: ITEM | D51: DESCRIPCIÓN | E51: UND. | F51: CANTIDAD | G51: VALOR UNITARIO CON AIU | H51: VALOR TOTAL
D52: SEÑALIZACIÓN Y DEMARCACIÓN TEMPORAL | H52: 0
C53: 6461 | D53: Canalización de tráfico con señalizadores tubulares colombina plástica y triple cinta de señalización (incluye alquiler de señalizadores tubulares). (no incluye instalación, mantenimiento y desinstalación) | E53: UN/MES | F53: 10 | G53: 8935 | H53: =+F53*G53 -> 89350
C54: 6029 | D54: SEÑAL VERTICAL GRUPO DE PREVENTIVAS TIPO CUADRADO (75CM X 75CM). INCLUYE SUMINISTRO E INSTALACION. | E54: UN/MES | F54: 10 | G54: 375674 | H54: =+F54*G54 -> 3756740
C55: SUBTOTAL | H55: =+SUM(H52:H54) -> 3846090
C56: AIU | E56: =+'AIU PMA-PGS-PMT'!I35 -> 0.23 | H56: =+H55*E56 -> 884600.7
C57: TOTAL | H57: =+H55+H56 -> 4730690.7
C59: TOTAL COSTOS PMA-PGS-PMT | H59: =+H27+H48+H57 -> 41956658

Sheet AIU PMA-PGS-PMT
C3: ALCALDIA LOCAL DE SAN CRISTÓBAL
C4: MATRIZ PARA CÁLCULO MANEJO AMBIENTAL - SST - GESTIÓN SOCIAL - MANEJO DE TRAFICO
D7: COSTO DIRECTO ESTIMADO PMA-PGS-PMT (CD) | E7: =+'PMA-PGS-PMT'!H25+'PMA-PGS-PMT'!H46+'PMA-PGS-PMT'!H55 -> 34111104
D8: PLAZO ESTIMADO DEL CONTRATO ( MESES ) | E8: 6 | F8: MESES
C10: 3. IMPUESTOS Y GARANTÍAS
C11: 3.1 IMPUESTOS
C12: DESCRIPCIÓN | I12: VALOR ($)
C13: CONTRIBUCIÓN ESPECIAL | H13: 0.05 | I13: =ROUND(($E$7*ROUND((1+$I$35),4))*H13,0) -> 2097833
C14: RETEFUENTE | H14: 0.02 | I14: =ROUND(($E$7*ROUND((1+$I$35),4))*H14,0) -> 839133
C15: RETEICA | H15: 0.0076 | I15: =ROUND(($E$7*ROUND((1+$I$35),4))*H15,0) -> 318871
C16: ESTAMPILLAS | H16: 0.005 | I16: =ROUND(($E$7*ROUND((1+$I$35),4))*H16,0) -> 209783
C17: TIMBRE | H17: 0.005 | I17: =ROUND(($E$7*ROUND((1+$I$35),4))*H17,0) -> 209783
H18: SUBTOTAL IMPUESTOS | I18: =SUM(I13:I17) -> 3675403
C19: 3.2 GARANTIAS
C20: DESCRIPCIÓN | E20: VR. BASE | F20: % ASEGURADO | G20: VR. ASEGURADO | H20: VIGENCIA AMPARO (MESES) | I20: VALOR ($)
C21: GARANTIA UNICA | D21: CUMPLIMIENTO | E21: =ROUND($E$7*ROUND((1+$I$35),4),0) -> 41956658 | F21: 0.1 | G21: =+E21*F21 -> 4195665.8 | H21: 10 | I21: =ROUND(((E21*F21*0.03*H21)/12)*1.19,2) -> 124821.06
D22: SALARIOS Y PRESTACIONES SOCIALES | E22: =ROUND($E$7*ROUND((1+$I$35),4),0) -> 41956658 | F22: 0.1 | G22: =+E22*F22 -> 4195665.8 | H22: 40 | I22: =ROUND(((E22*F22*0.03*H22)/12)*1.19,2) -> 499284.23
D23: ESTABILIDAD DE LA OBRA | E23: =ROUND($E$7*ROUND((1+$I$35),4),0) -> 41956658 | F23: 0.2 | G23: =+E23*F23 -> 8391331.6 | H23: 60 | I23: =ROUND(((E23*F23*0.03*H23)/12)*1.19,2) -> 1497852.7
D24: CALIDAD DEL SERVICIO - ESTUDIOS Y DISEÑOS | E24: =ROUND($E$7*ROUND((1+$I$35),4),0) -> 41956658 | F24: 0.2 | G24: =+E24*F24 -> 8391331.6 | H24: 10 | I24: =ROUND(((E24*F24*0.03*H24)/12)*1.19,2) -> 249642.12
C25: RESPONSABILIDAD CIVIL EXTRACONTRACTUAL | D25: PREDIOS, LABORES Y OPERACIONES - VIGENCIA | E25: =ROUND($E$7*ROUND((1+$I$35),4),0) -> 41956658 | F25: =[105]AIU!E94 -> 0.05 | G25: =E25*F25 -> 2097832.9 | H25: 4 | I25: =ROUND(((E25*F25*0.03*H25)/12)*1.19,2) -> 24964.21
H26: SUBTOTAL GARANTÍAS | I26: =SUM(I21:I25) -> 2396564.3
C28: TOTAL IMPUESTOS Y GARANTÍAS | I28: =+I18+I26 -> 6071967.3
C29: TOTAL IMPUESTOS Y GARANTÍAS EN PORCENTAJE DEL COSTO DIRECTO | I29: =ROUND(I28/E7,2) -> 0.18
C31: A. ADMINISTRACIÓN (1 + 2 + 3) | I31: =I29 -> 0.18
C32: I. IMPREVISTOS | I32: 0.01
C33: U. UTILIDAD | I33: =[105]AIU!M103 -> 0.05
C35: A.I.U. (ADMINISTRACIÓN, IMPREVISTOS Y UTILIDAD) | I35: 0.23

Sheet Precios IDRD
A2: Cód. | B2: Cód. | C2: Descripción | D2: Und. | E2: Grupo | F2: Valor Total
A3: 10627-1 | B3: 10627-1 | C3: ACOMETIDA 3 X 1/0 | D3: ML | E3: INSTALACIONES ELECTRICAS - T.V. - SONIDO COMUNI | F3: 125155.94
A4: 15852 | B4: 15852 | C4: Cinta LED en perfil para exteriores IP65 por metro lineal COMETAS | D4: UN | E4: INSTALACIONES ELECTRICAS - T.V. - SONIDO COMUNI | F4: 329496.23
A5: 010469 | B5: 10469 | C5: PATCH CORD CAT- 6 (3 FT) (1 METRO) - CEFE COMETAS apantallami.utp y clasif Lszh (Sumin+Instalac) | D5: UN | E5: INSTALACIONES ELECTRICAS - T.V. - SONIDO COMUNI | F5: 25299.15
A6: 19202 | B6: 19202 | C6: Válvula Mariposa PVC Ø4" - Suministro e Instalación | D6: UN | E6: VARIOS | F6: 639093.73
A7: 18436 | B7: 18436 | C7: (BL2) -Luminaria Bolardo Exterior corto LED 10.8W | D7: UN | E7: INSTALACIONES ELECTRICAS - T.V. - SONIDO COMUNI | F7: 86087.69
A8: 18149 | B8: 18149 | C8: (BRANCH 2 - CONEXIÓN DE UNIDADES INTERIORES LIQ - GAS.Cefe Cometas(Sumin+instalación) | D8: UN | E8: SISTEMAS VENTILACION | F8: 211324.16
A9: 18391 | B9: 18391 | C9: (CR1)-Accesorio Esquinero de 90grados+difusor | D9: UN | E9: URBANISMO Y OBRAS EXTERIORES | F9: 86087.69
A10: 18400 | B10: 18400 | C10: (CR2)-Accesorio Esquinero de 90grados+difusor Lumi | D10: UN | E10: URBANISMO Y OBRAS EXTERIORES | F10: 86087.69
A11: 18395 | B11: 18395 | C11: (DL1) - Luminaria tipo Downlight redondo LED 7.9W | D11: UN | E11: INSTALACIONES ELECTRICAS - T.V. - SONIDO COMUNI | F11: 78432.17
A12: 18398 | B12: 18398 | C12: (DL2) - Luminaria tipo Decorativa esferica con bom | D12: UN | E12: INSTALACIONES ELECTRICAS - T.V. - SONIDO COMUNI | F12: 109755.31
A13: 18388 | B13: 18388 | C13: (DL3) Luminaria tipo cilindro PCB FORTIMO12W 4000K | D13: UN | E13: INSTALACIONES ELECTRICAS - T.V. - SONIDO COMUNI | F13: 180751.45
A14: 18402 | B14: 18402 | C14: (DRX150)1-Driver de ULP150 para LED150W de 6.3Amp | D14: UN | E14: INSTALACIONES ELECTRICAS - T.V. - SONIDO COMUNI | F14: 78432.17
A15: 18403 | B15: 18403 | C15: (DRX240) Driver de ULP150 para LED 240W de 6.3Amp | D15: UN | E15: INSTALACIONES ELECTRICAS - T.V. - SONIDO COMUNI | F15: 78432.17
... A306: 09005 | B306: 9005 | C306: Acometida BT 3#4/0+1#2/0+1#2T AWG Fontanar NO USAR | D306: ML | E306: INSTALACIONES ELECTRICAS - T.V. - SONIDO COMUNI | F306: 0
A307: 10626-1 | B307: 10626-1 | C307: ACOMETIDA BT 3X2 ALUMINIO | D307: ML | E307: INSTALACIONES ELECTRICAS - T.V. - SONIDO COMUNI | F307: 28398.71
A308: 15675 | B308: 15675 | C308: Acometida BT en Aluminio 3#1/0 +1#1/0 | D308: ML | E308: 09 Eléctricas | F308: 47901.75
A309: 15673 | B309: 15673 | C309: Acometida BT en Aluminio 3#2 +1#2 | D309: ML | E309: 09 Eléctricas | F309: 33529.3
A310: 16774 | B310: 16774 | C310: Acometida BT en Aluminio 3#2 +1#2 SERIE 8.000 | D310: ML | E310: 09 Eléctricas | F310: 13006.94
A311: 15671 | B311: 15671 | C311: Acometida BT en Aluminio 3#4 +1#4 | D311: ML | E311: 09 Eléctricas | F311: 21368.16
A312: 15301 | B312: 15301 | C312: Acometida cable AL 2#4 AWG THHN AP | D312: ML | E312: 09 Eléctricas | F312: 13285.47
A313: 16716 | B313: 16716 | C313: Acometida Cable Aluminio 25mm2(Transf. a Equipo) | D313: ML | E313: INSTALACIONES ELECTRICAS - T.V. - SONIDO COMUNI | F313: 9727.2
A314: 16301 | B314: 16301 | C314: Acometida Cable Multifilar #6 | D314: UN | E314: INSTALACIONES ELECTRICAS - T.V. - SONIDO COMUNI | F314: 160659.96
A315: 18010 | B315: 18010 | C315: ACOMETIDA CONTROL REFRIGERANTE VARIABLE | D315: ML | E315: SISTEMAS VENTILACION | F315: 53288.96
A316: 15732 | B316: 15732 | C316: Acometida de MT. Transformador, alumbrado publico | D316: ML | E316: INSTALACIONES ELECTRICAS - T.V. - SONIDO COMUNI | F316: 48484.89
A317: 19006 | B317: 19006 | C317: ACOMETIDA ELECTRICA POTENCIA CONTROL CEFE COMETAS | D317: ML | E317: INSTALACIONES ELECTRICAS - T.V. - SONIDO COMUNI | F317: 93621.68
A318: 11638 | B318: 11638 | C318: Acometida en 3Nº6 +1 Nº 8 + 1 Nº 8 T | D318: ML | E318: 09 Eléctricas | F318: 50041.1
A319: 16805 | B319: 16805 | C319: Acometida en 3Nº6 +1 Nº 8 + 1 Nº 8 T | D319: ML | E319: 09 Eléctricas | F319: 53304.28
... A1282: 00839 | B1282: 839 | C1282: BASE GRAVA RECEBO Compac. Mec. | D1282: M3 | E1282: PISOS (ACABADOS Y BASES) | F1282: 169413.81
A1283: 10657-1 | B1283: 10657-1 | C1283: BASE MDC1 COMPACTO ESPESOR 5.0 Cm PARA RECONSTRUCCION DE PAVIMENTO | D1283: UN | E1283: URBANISMO Y OBRAS EXTERIORES | F1283: 78089.43
A1284: 00778 | B1284: 778 | C1284: BASE MURO CERRAMIENTO EN LADRILLO H=0.60 | D1284: ML | E1284: INSTALACIONES DEPORTIVAS | F1284: 33328.06
A1285: 13828 | B1285: 13828 | C1285: BASE PARRILLA REFLECTORES-TORRES CAMPIN(S/DISEÑ) | D1285: UN | E1285: CARPINTERIA METALICA | F1285: 25393851
A1286: 00067 | B1286: 67 | C1286: BASE PLACA CONCRETO POBRE | D1286: M3 | E1286: PISOS (ACABADOS Y BASES) | F1286: 698987.47
A1287: 12524 | B1287: 12524 | C1287: BASE PLACA CONCRETO POBRE(2000psi) | D1287: M3 | E1287: PISOS (ACABADOS Y BASES) | F1287: 734039.73
A1288: 12497 | B1288: 12497 | C1288: Base placa e=0.03 Concr. Pobre 2000psi** | D1288: M2 | E1288: PISOS (ACABADOS Y BASES) | F1288: 25729.8
A1289: 00742 | B1289: 742 | C1289: BASE PLACA e=0.05 Concr. Pobre (1,500 psi) | D1289: M2 | E1289: PISOS (ACABADOS Y BASES) | F1289: 34655.65
A1290: 11376 | B1290: 11376 | C1290: Base placa e=0.05 Concr. Pobre 2000psi** | D1290: M2 | E1290: PISOS (ACABADOS Y BASES) | F1290: 37414.94
A1291: 11640 | B1291: 11640 | C1291: Base placa e=0.05 Concr. Pobre 2500psi** | D1291: M2 | E1291: PISOS (ACABADOS Y BASES) | F1291: 37967.82
A1292: 11780 | B1292: 11780 | C1292: Base plana para punta 5/8" en cobre | D1292: UN | E1292: INSTALACIONES ELECTRICAS - T.V. - SONIDO COMUNI | F1292: 3902.08
A1293: 14313 | B1293: 14313 | C1293: Base Plastica Parasol (suministro) | D1293: UN | E1293: MOBILIARIO | F1293: 0
A1294: 00068 | B1294: 68 | C1294: BASE RECEBO SUBBASE COMPACTACION Mec. | D1294: M3 | E1294: PISOS (ACABADOS Y BASES) | F1294: 160873.32
A1295: 00838 | B1295: 838 | C1295: BASE TIERRA CEMENTO Compac.Mec | D1295: M3 | E1295: PISOS (ACABADOS Y BASES) | F1295: 477195.49
... A5575: 13483 | B5575: 13483 | C5575: LOSETA CONCRETO 0.25X0.25M (SUM+INST) SIN ESTRUCT | D5575: UN | E5575: VARIOS | F5575: 10427.65
A5576: 10628-1 | B5576: 10628-1 | C5576: LOSETA CONCRETO TIPO IDU A-56 (INCLUYE DE ARENA) | D5576: ML | E5576: URBANISMO Y OBRAS EXTERIORES | F5576: 43281.77
A5577: 16542 | B5577: 16542 | C5577: LOSETA CONCRETO-REFORZADO CON MALLA 65X65 | D5577: UN | E5577: VARIOS | F5577: 71734.49
A5578: 13518 | B5578: 13518 | C5578: Loseta IDU 0.25x0.25m (Sin estruct.) Sum+Inst* | D5578: M2 | E5578: 05 Pisos | F5578: 154415.54
A5579: 10559 | B5579: 10559 | C5579: Loseta IDU A50 5<p<10% 4.2-1 blando geotextil | D5579: M2 | E5579: 05 Pisos | F5579: 303090.02
A5580: 10836 | B5580: 10836 | C5580: Loseta IDU A50 5<p<10% 4.2-2 Medio+ geotextil | D5580: M2 | E5580: 05 Pisos | F5580: 284800.2
A5581: 10837 | B5581: 10837 | C5581: Loseta IDU A50 5<p<10% 4.2-3 Duro geoPAVC ** | D5581: M2 | E5581: 05 Pisos | F5581: 275196.3
A5582: 11721 | B5582: 11721 | C5582: Loseta IDU A50 p<5% geoPAVCO (Fontanar)** | D5582: M2 | E5582: 05 Pisos | F5582: 356779.53
A5583: 10216 | B5583: 10216 | C5583: Loseta IDU A50 p<5% 4.2-1 blando + geotextil | D5583: M2 | E5583: 05 Pisos | F5583: 294776.75
A5584: 10387 | B5584: 10387 | C5584: Loseta IDU A50 p<5% 5.3-1 blando LAFAYETT** | D5584: M2 | E5584: 05 Pisos | F5584: 287697.44
A5585: 10840 | B5585: 10840 | C5585: Loseta IDU A50 p<5% 5.3-2 Medio LAFAYETT** | D5585: M2 | E5585: 05 Pisos | F5585: 271229.36
A5586: 10841 | B5586: 10841 | C5586: Loseta IDU A50 p<5% 5.3-3 Duro LAFAYETT** | D5586: M2 | E5586: 05 Pisos | F5586: 258297.54
A5587: 10638 | B5587: 10638 | C5587: Loseta IDU A50 +0.25 receb B400 (Sum+Inst )** | D5587: M2 | E5587: 05 Pisos | F5587: 237588.73
A5588: 10558 | B5588: 10558 | C5588: Loseta IDU A50 p<5% 5.3-1+Afirmado LAFAYETT** | D5588: M2 | E5588: 05 Pisos | F5588: 303000.05
... A5623: 14963 | B5623: 14963 | C5623: LUMINARIA AUTONOMA EMERGENCIA(2 BOMB+BATER)120/220 | D5623: UN | E5623: INSTALACIONES ELECTRICAS - T.V. - SONIDO COMUNI | F5623: 109464.42
A5624: 10633-1 | B5624: 10633-1 | C5624: LUMINARIA BUXUS 200 25° NW 300W 200LEDS (SUM+INSTAL) | D5624: UN | E5624: INSTALACIONES ELECTRICAS - T.V. - SONIDO COMUNI | F5624: 4106123.4
A5625: 10634-1 | B5625: 10634-1 | C5625: LUMINARIA BUXUS 200 40° NW 300W 200LEDS (SUM+INSTAL) | D5625: UN | E5625: INSTALACIONES ELECTRICAS - T.V. - SONIDO COMUNI | F5625: 4106123.4
A5626: 11799 | B5626: 11799 | C5626: LUMINARIA CUADRUM 8X54 W T5 + 4X50 CO8013G O SUPER | D5626: UN | E5626: INSTALACIONES ELECTRICAS - T.V. - SONIDO COMUNI | F5626: 32075.1
A5627: 11798 | B5627: 11798 | C5627: LUMINARIA DE PISO 150 W-208 V MH REF OU30126-G12 | D5627: UN | E5627: INSTALACIONES ELECTRICAS - T.V. - SONIDO COMUNI | F5627: 23620.59
A5628: 18876 | B5628: 18876 | C5628: LUMINARIA DE TECNOLOGIA LED UNDERGROUND DE SYLVANI | D5628: UN | E5628: INSTALACIONES ELECTRICAS - T.V. - SONIDO COMUNI | F5628: 340472.46
A5629: 14683 | B5629: 14683 | C5629: LUMINARIA EXTER.JARDINTIP-POSTE/H=1.10MTABACO 60W | D5629: ML | E5629: 09 Eléctricas | F5629: 274701.31
A5630: 14942 | B5630: 14942 | C5630: Luminaria Fluoresc.(2 x 32w)Sobrep.Semiespec-16Cel | D5630: UN | E5630: 09 Eléctricas | F5630: 50150.34
A5631: 15206 | B5631: 15206 | C5631: LUMINARIA FLUORESCENTE (1.27X0.14M)2X32W HERMETICA | D5631: UN | E5631: INSTALACIONES ELECTRICAS - T.V. - SONIDO COMUNI | F5631: 51527.45
A5632: 13089 | B5632: 13089 | C5632: LUMINARIA FLUORESCENTE T5 2X28 W** | D5632: UN | E5632: INSTALACIONES ELECTRICAS - T.V. - SONIDO COMUNI | F5632: 135271.21
A5633: 12190 | B5633: 12190 | C5633: LUMINARIA FLUORESCENTE T5 2X54 W IP 65 120 V** | D5633: UN | E5633: INSTALACIONES ELECTRICAS - T.V. - SONIDO COMUNI | F5633: 188165.04
A5634: 14626 | B5634: 14626 | C5634: LUMINARIA FORZA MH+TUB.CONDUIT+ALAMBRE+BRAZO+ACCES | D5634: UN | E5634: INSTALACIONES ELECTRICAS - T.V. - SONIDO COMUNI | F5634: 166184.34
A5635: 13578 | B5635: 13578 | C5635: Luminaria GAMMA 2 x 32w+Andamio(Sum+Instalación) | D5635: UN | E5635: 09 Eléctricas | F5635: 108671.15
A5636: 10874 | B5636: 10874 | C5636: Luminaria GAMMA 2 x 32w+grua+Brazo+Cable (Sum+Inst | D5636: UN | E5636: 09 Eléctricas | F5636: 247934.5
A5637: 11801 | B5637: 11801 | C5637: LUMINARIA HERMÉTICA FLUORESC IP65 2X54 T5 PROFFIT | D5637: UN | E5637: INSTALACIONES ELECTRICAS - T.V. - SONIDO COMUNI | F5637: 32075.1
... A5641: 15725 | B5641: 15725 | C5641: Luminaria LED 250W-350 Ma -Tipo Codensa (sum+Inst) | D5641: UN | E5641: 09 Eléctricas | F5641: 1999792.5
A5642: 10630-1 | B5642: 10630-1 | C5642: LUMINARIA LED 39W SLCS SW07 (SUM+INSTAL) | D5642: UN | E5642: INSTALACIONES ELECTRICAS - T.V. - SONIDO COMUNI | F5642: 1332363
A5643: 10629-1 | B5643: 10629-1 | C5643: LUMINARIA LED 39W SLCS V14 (SUM+INSTAL) | D5643: UN | E5643: INSTALACIONES ELECTRICAS - T.V. - SONIDO COMUNI | F5643: 1170521
A5644: 15727 | B5644: 15727 | C5644: Luminaria LED 450W -1000mA -Tipo Codensa (Sum+Inst | D5644: UN | E5644: 09 Eléctricas | F5644: 5332350.6
A5645: 20689 | B5645: 20689 | C5645: LUMINARIA LED 580W (SUM) 5700K - 117.000LM - IP66 - IK08 (SUM+INS) | D5645: UN | E5645: MOBILIARIO | F5645: 5050051.1
A5646: 10631-1 | B5646: 10631-1 | C5646: LUMINARIA LED 66W SLCS V14 (SUM+INSTAL) | D5646: UN | E5646: INSTALACIONES ELECTRICAS - T.V. - SONIDO COMUNI | F5646: 1246544.1
A5647: 15723 | B5647: 15723 | C5647: Luminaria LED 80W - 530mA Tipo Codensa (Sum+Inst) | D5647: UN | E5647: 09 Eléctricas | F5647: 1091050.9
A5648: 20688 | B5648: 20688 | C5648: LUMINARIA LED 820W (SUM) 5700K - 117.000LM - IP66 - IK08 (SUM+INS) | D5648: UN | E5648: MOBILIARIO | F5648: 8237608.1
A5649: 15631 | B5649: 15631 | C5649: Luminaria LED bañador-Pared 9W 1420 lm CRDC-Cometa | D5649: UN | E5649: INSTALACIONES ELECTRICAS - T.V. - SONIDO COMUNI | F5649: 366722.29
A5650: 16317 | B5650: 16317 | C5650: Luminaria Led Continuum (64W) 3.000k(2.4x0.0mx0.8m | D5650: UN | E5650: INSTALACIONES ELECTRICAS - T.V. - SONIDO COMUNI | F5650: 733575.45
A5651: 16527 | B5651: 16527 | C5651: Luminaria Led Continuum 40W Tipo P24868 | D5651: UN | E5651: INSTALACIONES ELECTRICAS - T.V. - SONIDO COMUNI | F5651: 54128.84
A5652: 16525 | B5652: 16525 | C5652: Luminaria Led Herme2X18 T8 DL 120V P36667 techo | D5652: UN | E5652: INSTALACIONES ELECTRICAS - T.V. - SONIDO COMUNI | F5652: 111597.84
A5653: 16314 | B5653: 16314 | C5653: Luminaria Led Hermet(40W)Sobrep.Techo (7X11X120CM) | D5653: UN | E5653: INSTALACIONES ELECTRICAS - T.V. - SONIDO COMUNI | F5653: 121127.84
A5654: 18958 | B5654: 18958 | C5654: LUMINARIA LED HERMETICA 36 W 2520 lm CEFE COMETAS | D5654: UN | E5654: INSTALACIONES ELECTRICAS - T.V. - SONIDO COMUNI | F5654: 102005.73
A5655: 19219 | B5655: 19219 | C5655: LUMINARIA LED HIGHBAY 165W 19140lm CEFE COMETAS | D5655: UN | E5655: INSTALACIONES ELECTRICAS - T.V. - SONIDO COMUNI | F5655: 578642.85
A5656: 15626 | B5656: 15626 | C5656: Luminaria LED lineal cuadrada 50 W 4150 lm CRDC | D5656: UN | E5656: INSTALACIONES ELECTRICAS - T.V. - SONIDO COMUNI | F5656: 583765.07
A5657: 18866 | B5657: 18866 | C5657: luminaria LED para piscinas IntelliBrite 5G, 55W | D5657: UN | E5657: INSTALACIONES ELECTRICAS - T.V. - SONIDO COMUNI | F5657: 226006.4
A5658: 18863 | B5658: 18863 | C5658: LUMINARÍA LED SPOT TRACK, 25W, 100-277V, 2200Lm | D5658: UN | E5658: INSTALACIONES ELECTRICAS - T.V. - SONIDO COMUNI | F5658: 105367.24
... A5670: 16444 | B5670: 16444 | C5670: Luminaria RALED III - 64 LEDS - 143W - Sendero (sum+Inst) | D5670: UN | E5670: 09 Eléctricas | F5670: 1999792.5
A5671: 10632-1 | B5671: 10632-1 | C5671: LUMINARIA S1MB D3 FW NW 154W 64LEDS (SUM+INSTAL) | D5671: UN | E5671: INSTALACIONES ELECTRICAS - T.V. - SONIDO COMUNI | F5671: 1817690
A5672: 10635-1 | B5672: 10635-1 | C5672: LUMINARIA SLCS SW07 NW 52W 24LEDS (SUM+INSTAL) | D5672: UN | E5672: INSTALACIONES ELECTRICAS - T.V. - SONIDO COMUNI | F5672: 1246544.1
A5673: 14991 | B5673: 14991 | C5673: Luminaria sobrep 2x32 Emerg doble balasto+bat | D5673: UN | E5673: INSTALACIONES ELECTRICAS - T.V. - SONIDO COMUNI | F5673: 52027.74
A5674: 14334 | B5674: 14334 | C5674: LUMINARIA SODIO 1.000W (sum+instal) | D5674: UN | E5674: INSTALACIONES ELECTRICAS - T.V. - SONIDO COMUNI | F5674: 375063.85
A5675: 15308 | B5675: 15308 | C5675: Luminaria Sodio 150W Tipo Codensa (Sum+Instal) | D5675: UN | E5675: 09 Eléctricas | F5675: 723370.26
A5676: 01018 | B5676: 1018 | C5676: LUMINARIA SODIO 400W (sum+instal) NO USAR | D5676: UN | E5676: INSTALACIONES ELECTRICAS - T.V. - SONIDO COMUNI | F5676: 375063.85
A5677: 15309 | B5677: 15309 | C5677: Luminaria Sodio 400W Tipo Codensa (sum+instal) | D5677: UN | E5677: INSTALACIONES ELECTRICAS - T.V. - SONIDO COMUNI | F5677: 877521.74
A5678: 15307 | B5678: 15307 | C5678: Luminaria Sodio 70W Tipo Codensa (Sum+Instal) ** | D5678: UN | E5678: 09 Eléctricas | F5678: 576638.89
A5679: 16313 | B5679: 16313 | C5679: Luminaria Teceo-2-(96 Leds)22.400Lm;700mA;+Fotoc | D5679: UN | E5679: 09 Eléctricas | F5679: 302008.34
A5680: 20770 | B5680: 20770 | C5680: LUMINARIA TIPO LED CARACTERISTICAS DE ILUMINACION TIPO PROYECTOR 200W (SUM+INS) | D5680: UN | E5680: MOBILIARIO | F5680: 1374732.7
...

Sheet Hoja1
C5: 1511743000 | F5: 2230404000
C6: 718661000 | E6: Estu diseños | F6: 850000000 | G6: =+F5-F6 -> 1380404000
C7: =+C5+C6 -> 2230404000 | E7: Mtto Parques | F7: 1242363600 | G7: =+G6-F7 -> 138040400 | I7: =+G6*0.1 -> 138040400
E8: Mtto Parques Intv | F8: 138040400 | G8: =+G7-F8 -> 0 | I8: =+G6-I7 -> 1242363600
